Workbook

Sheet RESUMO
A1: LEI 14.133/2021 - RESUMO GERAL
A2: QUADRO-RESUMO DOS SERVIÇOS - Regime de Tributação: Lucro Real
A3: ANEXO ---- do Pregão nº XX/2024 – CONTA VINCULADA MODELO DE PLANILHA DE CUSTOS E FORMAÇÃO DE PREÇOS
A4: Nº do processo: | G4: xxxx
A5: Licitação nº:
A6: Dia:
A7: DISCRIMINAÇÃO DOS SERVIÇOS (DADOS REFERENTES À CONTRATAÇÃO)
A8: A | C8: Data de apresentação da proposta (dia/mês/ano)
A9: B | C9: UG/UASG Gerenciadora da Contratação | G9: 26436/158126
A10: C | C10: Data base do Orçamento Estimado (Planilha de Ref.)
A11: D | C11: Número de meses de execução contratual | G11: 60
A12: VALOR MENSAL DOS SERVIÇOS
A13: Item | B13: Unidade de Execução | C13: Tipo de serviço (A) | D13: Valor Proposto por Empregado (B) | E13: Qtde. de Empregados por Posto (C) | F13: Valor Proposto por Posto (D) = (B x C) | G13: Qtde. de Postos (E) | H13: Valor Total do Serviço (F) = (D x E)
A14: I | B14: Gravataí | C14: Of. de Manut. Predial | D14: ='Oficial de Manut. Pred. - Grava'!J148 -> 9409.3719 | E14: 1 | F14: =PRODUCT(D14:E14) -> 9409.3719 | G14: 1 | H14: =PRODUCT(F14:G14) -> 9409.3719
A15: II | B15: Gravataí | C15: Aux. Manut. Predial | D15: ='Aux. Manut. Pred. - Gravataí'!J150 -> 2588.7717 | E15: 1 | F15: =PRODUCT(D15:E15) -> 2588.7717 | G15: 1 | H15: =PRODUCT(F15:G15) -> 2588.7717
A16: III | B16: Gravataí | C16: Jardinagem | D16: ='Jardinagem - Gravataí'!J150 -> 7425.6462 | E16: 1 | F16: =PRODUCT(D16:E16) -> 7425.6462 | G16: 1 | H16: =PRODUCT(F16:G16) -> 7425.6462
A17: IV | B17: Lajeado | C17: Of. de Manut. Predial | D17: ='Oficial de Manut. Pred. - Lajea'!J148 -> 6304.8687 | E17: 1 | F17: =PRODUCT(D17:E17) -> 6304.8687 | G17: 1 | H17: =PRODUCT(F17:G17) -> 6304.8687
A18: V | B18: Lajeado | C18: Aux. Manut. Predial | D18: ='Aux. Manut. Pred. - Lajeado'!J150 -> 2595.1308 | E18: 1 | F18: =PRODUCT(D18:E18) -> 2595.1308 | G18: 1 | H18: =PRODUCT(F18:G18) -> 2595.1308
A19: VI | B19: Lajeado | C19: Jardinagem | D19: ='Jardinagem - Lajeado'!J150 -> 3855.9946 | E19: 1 | F19: =PRODUCT(D19:E19) -> 3855.9946 | G19: 1 | H19: =PRODUCT(F19:G19) -> 3855.9946
A20: VII | B20: Sapiranga | C20: Of. de Manut. Predial | D20: ='SG-Oficial de Manut. Pred'!J148 -> 5683.1531 | E20: 1 | F20: =PRODUCT(D20:E20) -> 5683.1531 | G20: 1 | H20: =PRODUCT(F20:G20) -> 5683.1531
A21: VIII | B21: Sapiranga | C21: Jardinagem | D21: ='SG-Jardinagem'!J150 -> 3871.1621 | E21: 1 | F21: =PRODUCT(D21:E21) -> 3871.1621 | G21: 1 | H21: =PRODUCT(F21:G21) -> 3871.1621
A22: Valor Mensal dos Serviços | H22: =SUM(H14:H21) -> 41734.099
A24: QUADRO DEMONSTRATIVO DO VALOR GLOBAL DA PROPOSTA
A25: A | B25: Valor mensal do serviço | H25: =H22 -> 41734.099
A26: B | B26: Valor Anual da Contratação | H26: =H25*12 -> 500809.19
A27: C | B27: Número de meses do Contrato | H27: =G11 -> 60
A28: D | B28: Valor Global do Proposta (Valor mensal do serviço x nº de meses do contrato). | H28: =H25*H27 -> 2504046

Sheet Oficial de Manut. Pred. - Grava
A1: LEI 14.133/2021 - GRAVATAÍ
A2: Oficial de Manutenção Predial - Regime de Tributação: Lucro Real
A3: ANEXO ---- do Pregão nº XX/2024 – CONTA VINCULADA PLANILHA DE CUSTOS E FORMAÇÃO DE PREÇOS
A4: Nº do processo: | H4: xxxxx
A5: Licitação nº:
A6: Dia:
A7: DISCRIMINAÇÃO DOS SERVIÇOS (DADOS REFERENTES À CONTRATAÇÃO)
A8: A | B8: Data de apresentação da proposta (dia/mês/ano)
A9: B | B9: Município/UF | H9: Gravataí/RS
A10: C | B10: Ano do Acordo, Convenção ou Dissídio Coletivo | H10: CONVENÇÃO COLETIVA DE TRABALHO 2024/2025 - a ser homologada (incluída Circular no processo)
A11: D | B11: Número de meses de execução contratual [Para efeito da análise dos Custos Não Renováveis (Analisar a exclusão dos CNR anualmente, em cada repactuação)] | H11: 60
A13: 1. MÓDULOS Mão de obra Mão de obra vinculada à execução contratual
A15: Dados para composição dos custos referente à mão de obra
A16: 1 | B16: Tipo de Serviço (mesmo serviço com características distintas) | H16: Manutenção Predial
A17: 2 | B17: Classificação Brasileira de Ocupações (CBO) | H17: 5143-25
A18: 3 | B18: Salário Normativo da Categoria Profissional - para a jornada de 44 h/sem | H18: 2228.6
A19: 4 | B19: Categoria Profissional (vinculada à execução contratual) | H19: Oficial de Manutenção Predial
A20: 5 | B20: Data-Base da Categoria (dia/mês/ano) | H20: 1º de junho de 2024
A22: Módulo 1: Composição da Remuneração
A23: 1 | B23: Composição da Remuneração | H23: Percentual (R$) | J23: Valor (R$)
A24: A | B24: Salário-Base (44h/semana) | J24: =ROUND(((44/6)*30)*(H18/220),2) -> 2228.6
A25: B | B25: Adicional de Periculosidade | I25: 0.3 | J25: =ROUND(I25*J24,2) -> 668.58
A26: C | B26: Adicional Noturno
A27: D | B27: Adicional de Hora Noturna Reduzida
A28: E | B28: Adicional de Hora Extra no Feriado Trabalhado
A29: B | B29: Adicional de Insalubridade | I29: 0 | J29: =ROUND(I29*J24,2) -> 0
A30: Total | J30: =SUM(J24:J29) -> 2897.18
A32: Módulo 2 – Encargos e Benefícios Anuais, Mensais e Diários
A33: Submódulo 2.1 – 13º (décimo terceiro) Salário e Adicional de Férias
A34: 2.1 | B34: 13º (décimo terceiro) Salário e Adicional de Férias | J34: Valor (R$)
A35: A | B35: 13º (décimo terceiro) Salário Obrigatória a cotação de 8,33% sobre o valor do Módulo 1 – Composição da Remuneração, conforme Anexo XII da IN 5/17 | I35: 0.0833 | J35: =ROUND($J$30*I35,2) -> 241.34
A36: B | B36: Adicional de Férias Obrigatória a cotação de 3,025% sobre o valor do Módulo 1 – Composição da Remuneração, conforme Anexo XII da IN 5/17 (Férias + Adicional = 9,075% + 3,025% = 12,10%) | I36: 0.03025 | J36: =ROUND($J$30*I36,2) -> 87.64
A37: Total | J37: =SUM(J35+J36) -> 328.98
A38: C | B38: Incidência dos encargos do Submódulo 2.2 sobre o total do Submódulo 2.1 | J38: =ROUND(I51*J37,2) -> 121.06
A39: Total | J39: =J37+J38 -> 450.04
A41: Submódulo 2.2 - Encargos Previdenciários (GPS), Fundo de Garantia por Tempo de Serviço (FGTS) e outras contribuições
A42: 2.2 | B42: GPS, FGTS e outras contribuições | I42: Percentual (%) | J42: Valor (R$)
A43: A | B43: INSS | I43: 0.2 | J43: =ROUND($J$30*I43,2) -> 579.44
A44: B | B44: Salário Educação | I44: 0.025 | J44: =ROUND($J$30*I44,2) -> 72.43
A45: C | B45: RAT x FAP | E45: RAT = | F45: 0.03 | G45: FAP = | H45: 1 | I45: =ROUND((F45*H45),6) -> 0.03 | J45: =ROUND($J$30*I45,2) -> 86.92
A46: D | B46: SESC ou SESI | I46: 0.015 | J46: =ROUND($J$30*I46,2) -> 43.46
A47: E | B47: SENAC ou SENAI | I47: 0.01 | J47: =ROUND($J$30*I47,2) -> 28.97
A48: F | B48: SEBRAE | I48: 0.006 | J48: =ROUND($J$30*I48,2) -> 17.38
A49: G | B49: INCRA | I49: 0.002 | J49: =ROUND($J$30*I49,2) -> 5.79
A50: H | B50: FGTS | I50: 0.08 | J50: =ROUND($J$30*I50,2) -> 231.77
A51: Total | I51: =SUM(I43:I50) -> 0.368 | J51: =SUM(J43:J50) -> 1066.16
A53: Submódulo 2.3 – Benefícios Mensais e Diários
A54: 2.3 | B54: Benefícios Mensais e Diários | J54: Valor (R$)
A55: A | B55: Transporte Cálculo do valor: [(2xVTx22) – (3%xSB)] | J55: =IF(ROUND((I58*I56*I57)-(J24*I59),2)<0,0,ROUND((I58*I56*I57)-(J24*I59),2)) -> 131.14
B56: A.1) Valor da passagem do transporte coletivo no município de prestação dos serviços: | I56: 4.5 | J56: -
B57: A.2) Quantidade de passagens por dia por empregado: | I57: 2
B58: A.3) Quantidade de dias do mês de recebimento de passagens | I58: 22
B59: A.4) Participação do empregado em percentual do salário-base | I59: 0.03
A60: B | B60: Cesta ou Auxílio-Refeição/Alimentação | J60: =SUM(I61-(I61*I62)) -> 263.2
B61: B.1) Valor do auxílio-alimentação: | I61: 329 | J61: -
B62: B.2) Participação do empregado em percentual | I62: 0.2
A63: C | B63: Seguro contra riscos de acidente de trabalho | J63: 19.42
A64: Total | J64: =SUM(J55:J63) -> 413.76
A66: Quadro-Resumo do Módulo 2 – Encargos e Benefícios Anuais, Mensais e Diários
A67: 2 | B67: Encargos e Benefícios Anuais, Mensais e Diários | J67: Valor (R$)
A68: 2.1 | C68: 13º (décimo terceiro) Salário e Adicional de Férias | J68: =J39 -> 450.04
A69: 2.2 | C69: GPS, FGTS e outras contribuições | J69: =J51 -> 1066.16
A70: 2.3 | C70: Benefícios Mensais e Diários | J70: =J64 -> 413.76
A71: Total | J71: =SUM(J68+J69+J70) -> 1929.96
A73: Módulo 3 - Provisão para Rescisão
A74: 3 | B74: Provisão para Rescisão | J74: Valor (R$)
A75: A | B75: Aviso Prévio Indenizado Aviso-prévio indenizado Cálculo do valor = {Rem/12 + 13º/12=(Rem/12)/12 + Férias/12=(Rem/12)/12 + (1/3xFérias)/12=1/3x[(Rem/12)/12]} x (30/30=1) x 5% de rotatividade anual - Os reflexos de 13º, F e 1/3F são referentes a 1 mês de APInd - Na prorrogação, poderão ser considerados 3 dias conforme Lei nº 12.506/2011, dependendo da análise do nº de ocorrências deste evento no período | J75: =ROUND((($J$30/12)+($J$35/12)+($J$30*0.121/12))*(30/30)*0.05,2) -> 14.54
A76: B | B76: Incidência do FGTS sobre o Aviso Prévio Indenizado | J76: =ROUND($J$75*I50,2) -> 1.16
A77: C | B77: Aviso Prévio Trabalhado (negociar extinção/redução na 1ª prorrogação) Cálculo do valor= [(Rem/30)x7]/60 meses do contratox100% dos empregados - ao final do contrato | J77: =ROUND(((($J$30/30)*7)/$H$11)*1,2) -> 11.27
A78: D | B78: Incidência dos encargos do Submódulo 2.2 sobre o Aviso Prévio Trabalhado | J78: =ROUND($I$51*J77,2) -> 4.15
A79: E | B79: Multa do FGTS e contribuição social sobre o Aviso Prévio Trabalhado e Aviso Prévio Indenizado. Obrigatória a cotação de 4,00% sobre o valor do Módulo 1 – Composição da Remuneração, conforme Anexo XII da IN Seges nº 5/2017 | I79: 0.04 | J79: =ROUND($J$30*I79,2) -> 115.89
A80: Total | J80: =SUM(J75:J79) -> 147.01
A82: Módulo 4 - Custo de Reposição do Profissional Ausente
A83: Base de cálculo para o Custo de Reposição do Profissional Ausente (substituto): BCCPA = Rem + 13º + Férias + 1/3Férias | J83: =J86+J30+J35+J36 -> 3489.08
A85: 4.1 | B85: Substituto nas Ausências Legais | J85: Valor (R$)
A86: A | B86: Subsitituto na cobertura de Férias | I86: 0.09075 | J86: =ROUND(($J$30*I86),2) -> 262.92
A87: B | B87: Subsitituto na cobertura de Ausências Legais Cálculo do valor = [(BCCPA/30)x2,96dias]/12 | J87: =ROUND((($J$83/30)*2.96)/12,2) -> 28.69
A88: C | B88: Subsitituto na cobertura de Licença-Paternidade Cálculo do valor = {[(BCCPA/30)x5dias]/12}x1,5% | J88: =ROUND((($J$83/30)*5)/12*0.015,2) -> 0.73
A89: D | B89: Subsitituto na cobertura de Ausência por acidente de trabalho Cálculo do valor = {[(BCCPA/30)x0,97dias]/12} | J89: =ROUND(((($J$83/30)*0.97)/12),2) -> 9.4
A90: E | B90: Subsitituto na cobertura de Afastamento Maternidade Cálculo do valor = [((Férias + Férias / 3) + SUB2.2 x (Férias + Férias / 3)) x (4/12)] x 2% + [( FGTS x Rem + SUB 2.2 x 13º + SUB2.3 – VA – VT + MÓD3) x (4/12)] } x 2% Não incide Contribuição Previdenciária Patronal (INSS + 3ªs entidades) sobre a Remuneração da empregada residente nos 4 meses de Afastamento, conforme Solução de Consulta Cosit/RFB nº 27/2023, publicada na pág. 20 da Seção 1 do DOU de 09/02/2023. A Remuneração e o 13º da empregada residente poderão ser compensados, por isso não constam da fórmula. | J90: =ROUND(((((J30*0.121)+(I51)*(J30*0.121))*(4/12)))*0.02,2)+ROUND(((I50*J30+I51*J35+J64-J55-J60+J80)*4/12)*0.02,2) -> 6.45
A91: F | B91: Substituto na cobertura de Ausência por doença Cálculo do valor = [(BCCPA)/30)x3dias]/12 | J91: =ROUND(((($J$83/30)*3)/12),2) -> 29.08
A92: Total | J92: =SUM(J86:J91) -> 337.27
A93: G | B93: Incidência dos encargos do Submódulo 2.2 sobre o total do Submódulo 4.1 | J93: =ROUND(I51*J92,2) -> 124.12
A94: Total | J94: =SUM(J92:J93) -> 461.39
A95: Submódulo 4.2 – Subistituto na Intrajornada
A96: 4.2 | B96: Substituto na Intrajornada | J96: Valor (R$)
A97: A | B97: Subsitituto na cobertura de Intervalo para repouso ou alimentação | J97: 0
A98: Total | J98: 0
A99: B | B99: Incidência dos encargos do Submódulo 2.2 sobre o total do Submódulo 4.2 | J99: =ROUND(I51*J98,2) -> 0
A100: Total | J100: =SUM(J98:J99) -> 0
A102: Quadro-Resumo do Módulo 4 – Custo de Reposição do Profissional Ausente
A103: 4 | B103: Custo de Reposição do Profissional Ausente | J103: Valor (R$)
A104: 4.1 | B104: Ausências Legais | J104: =J94 -> 461.39
A105: 4.2 | B105: Intrajornada | J105: =J100 -> 0
A106: Total | J106: =SUM(J104+J105) -> 461.39
A108: Módulo 5 – Insumos Diversos
A109: 5 | B109: Insumos diversos | J109: Valor (R$)
A110: A | B110: Uniformes | J110: ='INSUMOS - Gravataí'!D192 -> 273.7425
A111: B | B111: Materiais | J111: ='INSUMOS - Gravataí'!D189+'INSUMOS - Gravataí'!D190 -> 1656.6323
A112: C | B112: Equipamentos | J112: ='INSUMOS - Gravataí'!D191 -> 183.40708
...

Sheet Aux. Manut. Pred. - Gravataí
A1: LEI 14.133/2021 - GRAVATAÍ
A2: Aux. Manutenção Predial - Regime de Tributação: Lucro Real
A3: ANEXO ---- do Pregão nº XX/2024 – CONTA VINCULADA PLANILHA DE CUSTOS E FORMAÇÃO DE PREÇOS
A4: Nº do processo: | H4: xxxxx
A5: Licitação nº:
A6: Dia:
A7: DISCRIMINAÇÃO DOS SERVIÇOS (DADOS REFERENTES À CONTRATAÇÃO)
A8: A | B8: Data de apresentação da proposta (dia/mês/ano)
A9: B | B9: Município/UF | H9: Gravataí/RS
A10: C | B10: Ano do Acordo, Convenção ou Dissídio Coletivo | H10: CONVENÇÃO COLETIVA DE TRABALHO 2024 - MTE: RS004917/2023
A11: D | B11: Número de meses de execução contratual [Para efeito da análise dos Custos Não Renováveis (Analisar a exclusão dos CNR anualmente, em cada repactuação)] | H11: 60
A13: 1. MÓDULOS Mão de obra Mão de obra vinculada à execução contratual
A15: Dados para composição dos custos referente à mão de obra
A16: 1 | B16: Tipo de Serviço (mesmo serviço com características distintas) | H16: Manutenção Predial
A17: 2 | B17: Classificação Brasileira de Ocupações (CBO) | H17: 5143-10
A18: 3 | B18: Salário Normativo da Categoria Profissional - para a jornada de 44 h/sem | H18: 1540.51
A19: 4 | B19: Categoria Profissional (vinculada à execução contratual) | H19: Auxiliar de Manutenção Predial
A20: 5 | B20: Data-Base da Categoria (dia/mês/ano) | H20: 1º de janeiro de 2024
A22: Módulo 1: Composição da Remuneração
A23: 1 | B23: Composição da Remuneração | H23: Percentual (R$) | J23: Valor (R$)
A24: A | B24: Salário-Base (25h/semana) | J24: =ROUND(((25/6)*30)*(H18/220),2) -> 875.29
A25: B | B25: Adicional de Periculosidade | I25: 0 | J25: =ROUND(I25*J24,2) -> 0
A26: C | B26: Adicional Noturno
A27: D | B27: Adicional de Hora Noturna Reduzida
A28: E | B28: Adicional de Hora Extra no Feriado Trabalhado
A29: B | B29: Adicional de Insalubridade | I29: 0 | J29: =ROUND(I29*J24,2) -> 0
A30: Total | J30: =SUM(J24:J29) -> 875.29
A32: Módulo 2 – Encargos e Benefícios Anuais, Mensais e Diários
A33: Submódulo 2.1 – 13º (décimo terceiro) Salário e Adicional de Férias
A34: 2.1 | B34: 13º (décimo terceiro) Salário e Adicional de Férias | J34: Valor (R$)
A35: A | B35: 13º (décimo terceiro) Salário Obrigatória a cotação de 8,33% sobre o valor do Módulo 1 – Composição da Remuneração, conforme Anexo XII da IN 5/17 | I35: 0.0833 | J35: =ROUND($J$30*I35,2) -> 72.91
A36: B | B36: Adicional de Férias Obrigatória a cotação de 3,025% sobre o valor do Módulo 1 – Composição da Remuneração, conforme Anexo XII da IN 5/17 (Férias + Adicional = 9,075% + 3,025% = 12,10%) | I36: 0.03025 | J36: =ROUND($J$30*I36,2) -> 26.48
A37: Total | J37: =SUM(J35+J36) -> 99.39
A38: C | B38: Incidência dos encargos do Submódulo 2.2 sobre o total do Submódulo 2.1 | J38: =ROUND(I51*J37,2) -> 36.58
A39: Total | J39: =J37+J38 -> 135.97
A41: Submódulo 2.2 - Encargos Previdenciários (GPS), Fundo de Garantia por Tempo de Serviço (FGTS) e outras contribuições
A42: 2.2 | B42: GPS, FGTS e outras contribuições | I42: Percentual (%) | J42: Valor (R$)
A43: A | B43: INSS | I43: 0.2 | J43: =ROUND($J$30*I43,2) -> 175.06
A44: B | B44: Salário Educação | I44: 0.025 | J44: =ROUND($J$30*I44,2) -> 21.88
A45: C | B45: RAT x FAP | E45: RAT = | F45: 0.03 | G45: FAP = | H45: 1 | I45: =ROUND((F45*H45),6) -> 0.03 | J45: =ROUND($J$30*I45,2) -> 26.26
A46: D | B46: SESC ou SESI | I46: 0.015 | J46: =ROUND($J$30*I46,2) -> 13.13
A47: E | B47: SENAC ou SENAI | I47: 0.01 | J47: =ROUND($J$30*I47,2) -> 8.75
A48: F | B48: SEBRAE | I48: 0.006 | J48: =ROUND($J$30*I48,2) -> 5.25
A49: G | B49: INCRA | I49: 0.002 | J49: =ROUND($J$30*I49,2) -> 1.75
A50: H | B50: FGTS | I50: 0.08 | J50: =ROUND($J$30*I50,2) -> 70.02
A51: Total | I51: =SUM(I43:I50) -> 0.368 | J51: =SUM(J43:J50) -> 322.1
A53: Submódulo 2.3 – Benefícios Mensais e Diários
A54: 2.3 | B54: Benefícios Mensais e Diários | J54: Valor (R$)
A55: A | B55: Transporte Cálculo do valor: [(2xVTx22) – (6%xSB)] | J55: =IF(ROUND((I58*I56*I57)-(J24*I59),2)<0,0,ROUND((I58*I56*I57)-(J24*I59),2)) -> 145.48
B56: A.1) Valor da passagem do transporte coletivo no município de prestação dos serviços: | I56: 4.5 | J56: -
B57: A.2) Quantidade de passagens por dia por empregado: | I57: 2
B58: A.3) Quantidade de dias do mês de recebimento de passagens | I58: 22
B59: A.4) Participação do empregado em percentual do salário-base | I59: 0.06
A60: B | B60: Auxílio-Refeição/Alimentação Cálculo do valor = [(22xVA)x(1-0,19)] | J60: =ROUND(I62*I61*(1-I63),2) -> 210.99
B61: B.1) Valor do auxílio-alimentação | I61: 11.84 | J61: -
B62: B.2) Quantidade de dias do mês de recebimento de auxílio-alimentação | I62: 22
B63: B.2) Quantidade de dias do mês de recebimento de auxílio-alimentação | I63: 0.19
A64: C | B64: Seguro contra riscos de acidente de trabalho | J64: 0
A65: D | B65: Plano de Benefício Social Familiar | J65: 19.42
A66: Total | J66: =SUM(J55:J65) -> 375.89
A68: Quadro-Resumo do Módulo 2 – Encargos e Benefícios Anuais, Mensais e Diários
A69: 2 | B69: Encargos e Benefícios Anuais, Mensais e Diários | J69: Valor (R$)
A70: 2.1 | C70: 13º (décimo terceiro) Salário e Adicional de Férias | J70: =J39 -> 135.97
A71: 2.2 | C71: GPS, FGTS e outras contribuições | J71: =J51 -> 322.1
A72: 2.3 | C72: Benefícios Mensais e Diários | J72: =J66 -> 375.89
A73: Total | J73: =SUM(J70+J71+J72) -> 833.96
A75: Módulo 3 - Provisão para Rescisão
A76: 3 | B76: Provisão para Rescisão | J76: Valor (R$)
A77: A | B77: Aviso Prévio Indenizado Aviso-prévio indenizado Cálculo do valor = {Rem/12 + 13º/12=(Rem/12)/12 + Férias/12=(Rem/12)/12 + (1/3xFérias)/12=1/3x[(Rem/12)/12]} x (30/30=1) x 5% de rotatividade anual - Os reflexos de 13º, F e 1/3F são referentes a 1 mês de APInd - Na prorrogação, poderão ser considerados 3 dias conforme Lei nº 12.506/2011, dependendo da análise do nº de ocorrências deste evento no período | J77: =ROUND((($J$30/12)+($J$35/12)+($J$30*0.121/12))*(30/30)*0.05,2) -> 4.39
A78: B | B78: Incidência do FGTS sobre o Aviso Prévio Indenizado | J78: =ROUND($J$77*I50,2) -> 0.35
A79: C | B79: Aviso Prévio Trabalhado (negociar extinção/redução na 1ª prorrogação) Cálculo do valor= [(Rem/30)x7]/12 meses do contratox100% dos empregados - ao final do contrato | J79: =ROUND(((($J$30/30)*7)/$H$11)*1,2) -> 3.4
A80: D | B80: Incidência dos encargos do Submódulo 2.2 sobre o Aviso Prévio Trabalhado | J80: =ROUND($I$51*J79,2) -> 1.25
A81: E | B81: Multa do FGTS e contribuição social sobre o Aviso Prévio Trabalhado e Aviso Prévio Indenizado. Obrigatória a cotação de 4,00% sobre o valor do Módulo 1 – Composição da Remuneração, conforme Anexo XII da IN Seges nº 5/2017 | I81: 0.04 | J81: =ROUND($J$30*I81,2) -> 35.01
A82: Total | J82: =SUM(J77:J81) -> 44.4
A84: Módulo 4 - Custo de Reposição do Profissional Ausente
A85: Base de cálculo para o Custo de Reposição do Profissional Ausente (substituto): BCCPA = Rem + 13º + Férias + 1/3Férias | J85: =J88+J30+J35+J36 -> 1054.11
A87: 4.1 | B87: Substituto nas Ausências Legais | J87: Valor (R$)
A88: A | B88: Subsitituto na cobertura de Férias | I88: 0.09075 | J88: =ROUND(($J$30*I88),2) -> 79.43
A89: B | B89: Subsitituto na cobertura de Ausências Legais Cálculo do valor = [(BCCPA/30)x2,96dias]/12 | J89: =ROUND((($J$85/30)*2.96)/12,2) -> 8.67
A90: C | B90: Subsitituto na cobertura de Licença-Paternidade Cálculo do valor = {[(BCCPA/30)x5dias]/12}x1,5% | J90: =ROUND((($J$85/30)*5)/12*0.015,2) -> 0.22
A91: D | B91: Subsitituto na cobertura de Ausência por acidente de trabalho Cálculo do valor = {[(BCCPA/30)x0,97dias]/12} | J91: =ROUND(((($J$85/30)*0.97)/12),2) -> 2.84
A92: E | B92: Subsitituto na cobertura de Afastamento Maternidade Cálculo do valor = [((Férias + Férias / 3) + SUB2.2 x (Férias + Férias / 3)) x (4/12)] x 2% + [( FGTS x Rem + SUB 2.2 x 13º + SUB2.3 – VA – VT + MÓD3) x (4/12)] } x 2% Não incide Contribuição Previdenciária Patronal (INSS + 3ªs entidades) sobre a Remuneração da empregada residente nos 4 meses de Afastamento, conforme Solução de Consulta Cosit/RFB nº 27/2023, publicada na pág. 20 da Seção 1 do DOU de 09/02/2023. A Remuneração e o 13º da empregada residente poderão ser compensados, por isso não constam da fórmula. | J92: =ROUND(((((J30*0.121)+(I51)*(J30*0.121))*(4/12)))*0.02,2)+ROUND(((I50*J30+I51*J35+J66-J55-J60+J82)*4/12)*0.02,2) -> 2.04
A93: F | B93: Subsitituto na cobertura de Ausência por doença Cálculo do valor = [(BCCPA)/30)x3dias]/12 | J93: =ROUND(((($J$85/30)*3)/12),2) -> 8.78
A94: Total | J94: =SUM(J88:J93) -> 101.98
A95: G | B95: Incidência dos encargos do Submódulo 2.2 sobre o total do Submódulo 4.1 | J95: =ROUND(I51*J94,2) -> 37.53
A96: Total | J96: =SUM(J94:J95) -> 139.51
A97: Submódulo 4.2 – Subistituto na Intrajornada
A98: 4.2 | B98: Substituto na Intrajornada | J98: Valor (R$)
A99: A | B99: Subsitituto na cobertura de Intervalo para repouso ou alimentação | J99: 0
A100: Total | J100: 0
A101: B | B101: Incidência dos encargos do Submódulo 2.2 sobre o total do Submódulo 4.2 | J101: =ROUND(I51*J100,2) -> 0
A102: Total | J102: =SUM(J100:J101) -> 0
A104: Quadro-Resumo do Módulo 4 – Custo de Reposição do Profissional Ausente
A105: 4 | B105: Custo de Reposição do Profissional Ausente | J105: Valor (R$)
A106: 4.1 | B106: Ausências Legais | J106: =J96 -> 139.51
A107: 4.2 | B107: Intrajornada | J107: =J102 -> 0
A108: Total | J108: =SUM(J106+J107) -> 139.51
A110: Módulo 5 – Insumos Diversos
A111: 5 | B111: Insumos diversos | J111: Valor (R$)
A112: A | B112: Uniformes | J112: ='INSUMOS - Gravataí'!D194 -> 183.86167
...

Sheet Jardinagem - Gravataí
A1: LEI 14.133/2021 - GRAVATAÍ
A2: Aux. Manutenção Predial - Regime de Tributação: Lucro Real
A3: ANEXO ---- do Pregão nº XX/2024 – CONTA VINCULADA PLANILHA DE CUSTOS E FORMAÇÃO DE PREÇOS
A4: Nº do processo: | H4: xxxxx
A5: Licitação nº:
A6: Dia:
A7: DISCRIMINAÇÃO DOS SERVIÇOS (DADOS REFERENTES À CONTRATAÇÃO)
A8: A | B8: Data de apresentação da proposta (dia/mês/ano)
A9: B | B9: Município/UF | H9: Gravataí/RS
A10: C | B10: Ano do Acordo, Convenção ou Dissídio Coletivo | H10: CONVENÇÃO COLETIVA DE TRABALHO 2024 - MTE: RS004917/2023
A11: D | B11: Número de meses de execução contratual [Para efeito da análise dos Custos Não Renováveis (Analisar a exclusão dos CNR anualmente, em cada repactuação)] | H11: 60
A13: 1. MÓDULOS Mão de obra Mão de obra vinculada à execução contratual
A15: Dados para composição dos custos referente à mão de obra
A16: 1 | B16: Tipo de Serviço (mesmo serviço com características distintas) | H16: Jardinagem
A17: 2 | B17: Classificação Brasileira de Ocupações (CBO) | H17: 1578123
A18: 3 | B18: Salário Normativo da Categoria Profissional - para a jornada de 44 h/sem | H18: 1540.51
A19: 4 | B19: Categoria Profissional (vinculada à execução contratual) | H19: Jardineiro(a)
A20: 5 | B20: Data-Base da Categoria (dia/mês/ano) | H20: 1º de janeiro de 2024
A22: Módulo 1: Composição da Remuneração
A23: 1 | B23: Composição da Remuneração | H23: Percentual (R$) | J23: Valor (R$)
A24: A | B24: Salário-Base (valor para somente 1 Jardineiro/a - 44h/semana) | J24: =ROUND(((44/6)*30)*(H18/220),2) -> 1540.51
A25: B | B25: Adicional de Periculosidade | I25: 0.3 | J25: =ROUND(I25*J24,2) -> 462.15
A26: C | B26: Adicional Noturno
A27: D | B27: Adicional de Hora Noturna Reduzida
A28: E | B28: Adicional de Hora Extra no Feriado Trabalhado
A29: B | B29: Adicional de Insalubridade | I29: 0.2 | J29: =ROUND(I29*J24,2) -> 308.1
A30: Total | J30: =SUM(J24:J29) -> 2310.76
A32: Módulo 2 – Encargos e Benefícios Anuais, Mensais e Diários
A33: Submódulo 2.1 – 13º (décimo terceiro) Salário e Adicional de Férias
A34: 2.1 | B34: 13º (décimo terceiro) Salário e Adicional de Férias | J34: Valor (R$)
A35: A | B35: 13º (décimo terceiro) Salário Obrigatória a cotação de 8,33% sobre o valor do Módulo 1 – Composição da Remuneração, conforme Anexo XII da IN 5/17 | I35: 0.0833 | J35: =ROUND($J$30*I35,2) -> 192.49
A36: B | B36: Adicional de Férias Obrigatória a cotação de 3,025% sobre o valor do Módulo 1 – Composição da Remuneração, conforme Anexo XII da IN 5/17 (Férias + Adicional = 9,075% + 3,025% = 12,10%) | I36: 0.03025 | J36: =ROUND($J$30*I36,2) -> 69.9
A37: Total | J37: =SUM(J35+J36) -> 262.39
A38: C | B38: Incidência dos encargos do Submódulo 2.2 sobre o total do Submódulo 2.1 | J38: =ROUND(I51*J37,2) -> 96.56
A39: Total | J39: =J37+J38 -> 358.95
A41: Submódulo 2.2 - Encargos Previdenciários (GPS), Fundo de Garantia por Tempo de Serviço (FGTS) e outras contribuições
A42: 2.2 | B42: GPS, FGTS e outras contribuições | I42: Percentual (%) | J42: Valor (R$)
A43: A | B43: INSS | I43: 0.2 | J43: =ROUND($J$30*I43,2) -> 462.15
A44: B | B44: Salário Educação | I44: 0.025 | J44: =ROUND($J$30*I44,2) -> 57.77
A45: C | B45: RAT x FAP | E45: RAT = | F45: 0.03 | G45: FAP = | H45: 1 | I45: =ROUND((F45*H45),6) -> 0.03 | J45: =ROUND($J$30*I45,2) -> 69.32
A46: D | B46: SESC ou SESI | I46: 0.015 | J46: =ROUND($J$30*I46,2) -> 34.66
A47: E | B47: SENAC ou SENAI | I47: 0.01 | J47: =ROUND($J$30*I47,2) -> 23.11
A48: F | B48: SEBRAE | I48: 0.006 | J48: =ROUND($J$30*I48,2) -> 13.86
A49: G | B49: INCRA | I49: 0.002 | J49: =ROUND($J$30*I49,2) -> 4.62
A50: H | B50: FGTS | I50: 0.08 | J50: =ROUND($J$30*I50,2) -> 184.86
A51: Total | I51: =SUM(I43:I50) -> 0.368 | J51: =SUM(J43:J50) -> 850.35
A53: Submódulo 2.3 – Benefícios Mensais e Diários
A54: 2.3 | B54: Benefícios Mensais e Diários | J54: Valor (R$)
A55: A | B55: Transporte Cálculo do valor: [(2xVTx22) – (6%xSB)] | J55: =IF(ROUND((I58*I56*I57)-(J24*I59),2)<0,0,ROUND((I58*I56*I57)-(J24*I59),2)) -> 105.57
B56: A.1) Valor da passagem do transporte coletivo no município de prestação dos serviços: | I56: 4.5 | J56: -
B57: A.2) Quantidade de passagens por dia por empregado: | I57: 2
B58: A.3) Quantidade de dias do mês de recebimento de passagens | I58: 22
B59: A.4) Participação do empregado em percentual do salário-base | I59: 0.06
A60: B | B60: Auxílio-Refeição/Alimentação Cálculo do valor = [(22xVA)x(1-0,19)] | J60: =ROUND(I62*I61*(1-I63),2) -> 210.99
B61: B.1) Valor do auxílio-alimentação | I61: 11.84 | J61: -
B62: B.2) Quantidade de dias do mês de recebimento de auxílio-alimentação | I62: 22
B63: B.2) Quantidade de dias do mês de recebimento de auxílio-alimentação | I63: 0.19
A64: C | B64: Seguro contra riscos de acidente de trabalho | J64: 0
A65: D | B65: Plano de Benefício Social Familiar | J65: 19.42
A66: Total | J66: =SUM(J55:J65) -> 335.98
A68: Quadro-Resumo do Módulo 2 – Encargos e Benefícios Anuais, Mensais e Diários
A69: 2 | B69: Encargos e Benefícios Anuais, Mensais e Diários | J69: Valor (R$)
A70: 2.1 | C70: 13º (décimo terceiro) Salário e Adicional de Férias | J70: =J39 -> 358.95
A71: 2.2 | C71: GPS, FGTS e outras contribuições | J71: =J51 -> 850.35
A72: 2.3 | C72: Benefícios Mensais e Diários | J72: =J66 -> 335.98
A73: Total | J73: =SUM(J70+J71+J72) -> 1545.28
A75: Módulo 3 - Provisão para Rescisão
A76: 3 | B76: Provisão para Rescisão | J76: Valor (R$)
A77: A | B77: Aviso Prévio Indenizado Aviso-prévio indenizado Cálculo do valor = {Rem/12 + 13º/12=(Rem/12)/12 + Férias/12=(Rem/12)/12 + (1/3xFérias)/12=1/3x[(Rem/12)/12]} x (30/30=1) x 5% de rotatividade anual - Os reflexos de 13º, F e 1/3F são referentes a 1 mês de APInd - Na prorrogação, poderão ser considerados 3 dias conforme Lei nº 12.506/2011, dependendo da análise do nº de ocorrências deste evento no período | J77: =ROUND((($J$30/12)+($J$35/12)+($J$30*0.121/12))*(30/30)*0.05,2) -> 11.6
A78: B | B78: Incidência do FGTS sobre o Aviso Prévio Indenizado | J78: =ROUND($J$77*I50,2) -> 0.93
A79: C | B79: Aviso Prévio Trabalhado (negociar extinção/redução na 1ª prorrogação) Cálculo do valor= [(Rem/30)x7]/12 meses do contratox100% dos empregados - ao final do contrato | J79: =ROUND(((($J$30/30)*7)/$H$11)*1,2) -> 8.99
A80: D | B80: Incidência dos encargos do Submódulo 2.2 sobre o Aviso Prévio Trabalhado | J80: =ROUND($I$51*J79,2) -> 3.31
A81: E | B81: Multa do FGTS e contribuição social sobre o Aviso Prévio Trabalhado e Aviso Prévio Indenizado. Obrigatória a cotação de 4,00% sobre o valor do Módulo 1 – Composição da Remuneração, conforme Anexo XII da IN Seges nº 5/2017 | I81: 0.04 | J81: =ROUND($J$30*I81,2) -> 92.43
A82: Total | J82: =SUM(J77:J81) -> 117.26
A84: Módulo 4 - Custo de Reposição do Profissional Ausente
A85: Base de cálculo para o Custo de Reposição do Profissional Ausente (substituto): BCCPA = Rem + 13º + Férias + 1/3Férias | J85: =J88+J30+J35+J36 -> 2782.85
A87: 4.1 | B87: Substituto nas Ausências Legais | J87: Valor (R$)
A88: A | B88: Subsitituto na cobertura de Férias | I88: 0.09075 | J88: =ROUND(($J$30*I88),2) -> 209.7
A89: B | B89: Subsitituto na cobertura de Ausências Legais Cálculo do valor = [(BCCPA/30)x2,96dias]/12 | J89: =ROUND((($J$85/30)*2.96)/12,2) -> 22.88
A90: C | B90: Subsitituto na cobertura de Licença-Paternidade Cálculo do valor = {[(BCCPA/30)x5dias]/12}x1,5% | J90: =ROUND((($J$85/30)*5)/12*0.015,2) -> 0.58
A91: D | B91: Subsitituto na cobertura de Ausência por acidente de trabalho Cálculo do valor = {[(BCCPA/30)x0,97dias]/12} | J91: =ROUND(((($J$85/30)*0.97)/12),2) -> 7.5
A92: E | B92: Subsitituto na cobertura de Afastamento Maternidade Cálculo do valor = [((Férias + Férias / 3) + SUB2.2 x (Férias + Férias / 3)) x (4/12)] x 2% + [( FGTS x Rem + SUB 2.2 x 13º + SUB2.3 – VA – VT + MÓD3) x (4/12)] } x 2% Não incide Contribuição Previdenciária Patronal (INSS + 3ªs entidades) sobre a Remuneração da empregada residente nos 4 meses de Afastamento, conforme Solução de Consulta Cosit/RFB nº 27/2023, publicada na pág. 20 da Seção 1 do DOU de 09/02/2023. A Remuneração e o 13º da empregada residente poderão ser compensados, por isso não constam da fórmula. | J92: =ROUND(((((J30*0.121)+(I51)*(J30*0.121))*(4/12)))*0.02,2)+ROUND(((I50*J30+I51*J35+J66-J55-J60+J82)*4/12)*0.02,2) -> 5.17
A93: F | B93: Subsitituto na cobertura de Ausência por doença Cálculo do valor = [(BCCPA)/30)x3dias]/12 | J93: =ROUND(((($J$85/30)*3)/12),2) -> 23.19
A94: Total | J94: =SUM(J88:J93) -> 269.02
A95: G | B95: Incidência dos encargos do Submódulo 2.2 sobre o total do Submódulo 4.1 | J95: =ROUND(I51*J94,2) -> 99
A96: Total | J96: =SUM(J94:J95) -> 368.02
A97: Submódulo 4.2 – Subistituto na Intrajornada
A98: 4.2 | B98: Substituto na Intrajornada | J98: Valor (R$)
A99: A | B99: Subsitituto na cobertura de Intervalo para repouso ou alimentação | J99: 0
A100: Total | J100: 0
A101: B | B101: Incidência dos encargos do Submódulo 2.2 sobre o total do Submódulo 4.2 | J101: =ROUND(I51*J100,2) -> 0
A102: Total | J102: =SUM(J100:J101) -> 0
A104: Quadro-Resumo do Módulo 4 – Custo de Reposição do Profissional Ausente
A105: 4 | B105: Custo de Reposição do Profissional Ausente | J105: Valor (R$)
A106: 4.1 | B106: Ausências Legais | J106: =J96 -> 368.02
A107: 4.2 | B107: Intrajornada | J107: =J102 -> 0
A108: Total | J108: =SUM(J106+J107) -> 368.02
A110: Módulo 5 – Insumos Diversos
A111: 5 | B111: Insumos diversos | J111: Valor (R$)
A112: A | B112: Uniformes | J112: ='INSUMOS - Gravataí'!D199 -> 136.33417
...

Sheet Oficial de Manut. Pred. - Lajea
A1: LEI 14.133/2021 - LAJEADO
A2: Oficial de Manutenção Predial - Regime de Tributação: Lucro Real
A3: ANEXO ---- do Pregão nº XX/2024 – CONTA VINCULADA PLANILHA DE CUSTOS E FORMAÇÃO DE PREÇOS
A4: Nº do processo: | H4: xxxxx
A5: Licitação nº:
A6: Dia:
A7: DISCRIMINAÇÃO DOS SERVIÇOS (DADOS REFERENTES À CONTRATAÇÃO)
A8: A | B8: Data de apresentação da proposta (dia/mês/ano)
A9: B | B9: Município/UF | H9: Lajeado/RS
A10: C | B10: Ano do Acordo, Convenção ou Dissídio Coletivo | H10: CONVENÇÃO COLETIVA DE TRABALHO 2024/2025 - MTE RS002055/2024
A11: D | B11: Número de meses de execução contratual [Para efeito da análise dos Custos Não Renováveis (Analisar a exclusão dos CNR anualmente, em cada repactuação)] | H11: 60
A13: 1. MÓDULOS Mão de obra Mão de obra vinculada à execução contratual
A15: Dados para composição dos custos referente à mão de obra
A16: 1 | B16: Tipo de Serviço (mesmo serviço com características distintas) | H16: Manutenção Predial
A17: 2 | B17: Classificação Brasileira de Ocupações (CBO) | H17: 5143-25
A18: 3 | B18: Salário Normativo da Categoria Profissional - para a jornada de 44 h/sem | H18: 2410.12
A19: 4 | B19: Categoria Profissional (vinculada à execução contratual) | H19: Oficial de Manutenção Predial
A20: 5 | B20: Data-Base da Categoria (dia/mês/ano) | H20: 1º de maio de 2024
A22: Módulo 1: Composição da Remuneração
A23: 1 | B23: Composição da Remuneração | H23: Percentual (R$) | J23: Valor (R$)
A24: A | B24: Salário-Base (25h/semana) | J24: =ROUND(((25/6)*30)*(H18/220),2) -> 1369.39
A25: B | B25: Adicional de Periculosidade | I25: 0.3 | J25: =ROUND(I25*J24,2) -> 410.82
A26: C | B26: Adicional Noturno
A27: D | B27: Adicional de Hora Noturna Reduzida
A28: E | B28: Adicional de Hora Extra no Feriado Trabalhado
A29: B | B29: Adicional de Insalubridade | I29: 0 | J29: =ROUND(I29*J24,2) -> 0
A30: Total | J30: =SUM(J24:J29) -> 1780.21
A32: Módulo 2 – Encargos e Benefícios Anuais, Mensais e Diários
A33: Submódulo 2.1 – 13º (décimo terceiro) Salário e Adicional de Férias
A34: 2.1 | B34: 13º (décimo terceiro) Salário e Adicional de Férias | J34: Valor (R$)
A35: A | B35: 13º (décimo terceiro) Salário Obrigatória a cotação de 8,33% sobre o valor do Módulo 1 – Composição da Remuneração, conforme Anexo XII da IN 5/17 | I35: 0.0833 | J35: =ROUND($J$30*I35,2) -> 148.29
A36: B | B36: Adicional de Férias Obrigatória a cotação de 3,025% sobre o valor do Módulo 1 – Composição da Remuneração, conforme Anexo XII da IN 5/17 (Férias + Adicional = 9,075% + 3,025% = 12,10%) | I36: 0.03025 | J36: =ROUND($J$30*I36,2) -> 53.85
A37: Total | J37: =SUM(J35+J36) -> 202.14
A38: C | B38: Incidência dos encargos do Submódulo 2.2 sobre o total do Submódulo 2.1 | J38: =ROUND(I51*J37,2) -> 74.39
A39: Total | J39: =J37+J38 -> 276.53
A41: Submódulo 2.2 - Encargos Previdenciários (GPS), Fundo de Garantia por Tempo de Serviço (FGTS) e outras contribuições
A42: 2.2 | B42: GPS, FGTS e outras contribuições | I42: Percentual (%) | J42: Valor (R$)
A43: A | B43: INSS | I43: 0.2 | J43: =ROUND($J$30*I43,2) -> 356.04
A44: B | B44: Salário Educação | I44: 0.025 | J44: =ROUND($J$30*I44,2) -> 44.51
A45: C | B45: RAT x FAP | E45: RAT = | F45: 0.03 | G45: FAP = | H45: 1 | I45: =ROUND((F45*H45),6) -> 0.03 | J45: =ROUND($J$30*I45,2) -> 53.41
A46: D | B46: SESC ou SESI | I46: 0.015 | J46: =ROUND($J$30*I46,2) -> 26.7
A47: E | B47: SENAC ou SENAI | I47: 0.01 | J47: =ROUND($J$30*I47,2) -> 17.8
A48: F | B48: SEBRAE | I48: 0.006 | J48: =ROUND($J$30*I48,2) -> 10.68
A49: G | B49: INCRA | I49: 0.002 | J49: =ROUND($J$30*I49,2) -> 3.56
A50: H | B50: FGTS | I50: 0.08 | J50: =ROUND($J$30*I50,2) -> 142.42
A51: Total | I51: =SUM(I43:I50) -> 0.368 | J51: =SUM(J43:J50) -> 655.12
A53: Submódulo 2.3 – Benefícios Mensais e Diários
A54: 2.3 | B54: Benefícios Mensais e Diários | J54: Valor (R$)
A55: A | B55: Transporte Cálculo do valor: [(2xVTx22) – (6%xSB)] | J55: =IF(ROUND((I58*I56*I57)-(J24*I59),2)<0,0,ROUND((I58*I56*I57)-(J24*I59),2)) -> 170.84
B56: A.1) Valor da passagem do transporte coletivo no município de prestação dos serviços: | I56: 5.75 | J56: -
B57: A.2) Quantidade de passagens por dia por empregado: | I57: 2
B58: A.3) Quantidade de dias do mês de recebimento de passagens | I58: 22
B59: A.4) Participação do empregado em percentual do salário-base | I59: 0.06
A60: B | B60: Cesta ou Auxílio-Refeição/Alimentação | J60: =SUM(I61-(I61*I62)) -> 0
B61: B.1) Valor do auxílio-alimentação: | I61: 0 | J61: -
B62: B.2) Participação do empregado em percentual | I62: 0
A63: C | B63: Seguro contra riscos de acidente de trabalho | J63: 19.42
A64: Total | J64: =SUM(J55:J63) -> 190.26
A66: Quadro-Resumo do Módulo 2 – Encargos e Benefícios Anuais, Mensais e Diários
A67: 2 | B67: Encargos e Benefícios Anuais, Mensais e Diários | J67: Valor (R$)
A68: 2.1 | C68: 13º (décimo terceiro) Salário e Adicional de Férias | J68: =J39 -> 276.53
A69: 2.2 | C69: GPS, FGTS e outras contribuições | J69: =J51 -> 655.12
A70: 2.3 | C70: Benefícios Mensais e Diários | J70: =J64 -> 190.26
A71: Total | J71: =SUM(J68+J69+J70) -> 1121.91
A73: Módulo 3 - Provisão para Rescisão
A74: 3 | B74: Provisão para Rescisão | J74: Valor (R$)
A75: A | B75: Aviso Prévio Indenizado Aviso-prévio indenizado Cálculo do valor = {Rem/12 + 13º/12=(Rem/12)/12 + Férias/12=(Rem/12)/12 + (1/3xFérias)/12=1/3x[(Rem/12)/12]} x (30/30=1) x 5% de rotatividade anual - Os reflexos de 13º, F e 1/3F são referentes a 1 mês de APInd - Na prorrogação, poderão ser considerados 3 dias conforme Lei nº 12.506/2011, dependendo da análise do nº de ocorrências deste evento no período | J75: =ROUND((($J$30/12)+($J$35/12)+($J$30*0.121/12))*(30/30)*0.05,2) -> 8.93
A76: B | B76: Incidência do FGTS sobre o Aviso Prévio Indenizado | J76: =ROUND($J$75*I50,2) -> 0.71
A77: C | B77: Aviso Prévio Trabalhado (negociar extinção/redução na 1ª prorrogação) Cálculo do valor= [(Rem/30)x7]/60 meses do contratox100% dos empregados - ao final do contrato | J77: =ROUND(((($J$30/30)*7)/$H$11)*1,2) -> 6.92
A78: D | B78: Incidência dos encargos do Submódulo 2.2 sobre o Aviso Prévio Trabalhado | J78: =ROUND($I$51*J77,2) -> 2.55
A79: E | B79: Multa do FGTS e contribuição social sobre o Aviso Prévio Trabalhado e Aviso Prévio Indenizado. Obrigatória a cotação de 4,00% sobre o valor do Módulo 1 – Composição da Remuneração, conforme Anexo XII da IN Seges nº 5/2017 | I79: 0.04 | J79: =ROUND($J$30*I79,2) -> 71.21
A80: Total | J80: =SUM(J75:J79) -> 90.32
A82: Módulo 4 - Custo de Reposição do Profissional Ausente
A83: Base de cálculo para o Custo de Reposição do Profissional Ausente (substituto): BCCPA = Rem + 13º + Férias + 1/3Férias | J83: =J86+J30+J35+J36 -> 2143.9
A85: 4.1 | B85: Substituto nas Ausências Legais | J85: Valor (R$)
A86: A | B86: Subsitituto na cobertura de Férias | I86: 0.09075 | J86: =ROUND(($J$30*I86),2) -> 161.55
A87: B | B87: Subsitituto na cobertura de Ausências Legais Cálculo do valor = [(BCCPA/30)x2,96dias]/12 | J87: =ROUND((($J$83/30)*2.96)/12,2) -> 17.63
A88: C | B88: Subsitituto na cobertura de Licença-Paternidade Cálculo do valor = {[(BCCPA/30)x5dias]/12}x1,5% | J88: =ROUND((($J$83/30)*5)/12*0.015,2) -> 0.45
A89: D | B89: Subsitituto na cobertura de Ausência por acidente de trabalho Cálculo do valor = {[(BCCPA/30)x0,97dias]/12} | J89: =ROUND(((($J$83/30)*0.97)/12),2) -> 5.78
A90: E | B90: Subsitituto na cobertura de Afastamento Maternidade Cálculo do valor = [((Férias + Férias / 3) + SUB2.2 x (Férias + Férias / 3)) x (4/12)] x 2% + [( FGTS x Rem + SUB 2.2 x 13º + SUB2.3 – VA – VT + MÓD3) x (4/12)] } x 2% Não incide Contribuição Previdenciária Patronal (INSS + 3ªs entidades) sobre a Remuneração da empregada residente nos 4 meses de Afastamento, conforme Solução de Consulta Cosit/RFB nº 27/2023, publicada na pág. 20 da Seção 1 do DOU de 09/02/2023. A Remuneração e o 13º da empregada residente poderão ser compensados, por isso não constam da fórmula. | J90: =ROUND(((((J30*0.121)+(I51)*(J30*0.121))*(4/12)))*0.02,2)+ROUND(((I50*J30+I51*J35+J64-J55-J60+J80)*4/12)*0.02,2) -> 4
A91: F | B91: Substituto na cobertura de Ausência por doença Cálculo do valor = [(BCCPA)/30)x3dias]/12 | J91: =ROUND(((($J$83/30)*3)/12),2) -> 17.87
A92: Total | J92: =SUM(J86:J91) -> 207.28
A93: G | B93: Incidência dos encargos do Submódulo 2.2 sobre o total do Submódulo 4.1 | J93: =ROUND(I51*J92,2) -> 76.28
A94: Total | J94: =SUM(J92:J93) -> 283.56
A95: Submódulo 4.2 – Subistituto na Intrajornada
A96: 4.2 | B96: Substituto na Intrajornada | J96: Valor (R$)
A97: A | B97: Subsitituto na cobertura de Intervalo para repouso ou alimentação | J97: 0
A98: Total | J98: 0
A99: B | B99: Incidência dos encargos do Submódulo 2.2 sobre o total do Submódulo 4.2 | J99: =ROUND(I51*J98,2) -> 0
A100: Total | J100: =SUM(J98:J99) -> 0
A102: Quadro-Resumo do Módulo 4 – Custo de Reposição do Profissional Ausente
A103: 4 | B103: Custo de Reposição do Profissional Ausente | J103: Valor (R$)
A104: 4.1 | B104: Ausências Legais | J104: =J94 -> 283.56
A105: 4.2 | B105: Intrajornada | J105: =J100 -> 0
A106: Total | J106: =SUM(J104+J105) -> 283.56
A108: Módulo 5 – Insumos Diversos
A109: 5 | B109: Insumos diversos | J109: Valor (R$)
A110: A | B110: Uniformes | J110: ='INSUMOS - Lajeado'!D187 -> 212.49
A111: B | B111: Materiais | J111: ='INSUMOS - Lajeado'!D184+'INSUMOS - Lajeado'!D185 -> 1440.4717
A112: C | B112: Equipamentos | J112: ='INSUMOS - Lajeado'!D186 -> 129.54708
...

Sheet Aux. Manut. Pred. - Lajeado
A1: LEI 14.133/2021 - LAJEADO
A2: Aux. Manutenção Predial - Regime de Tributação: Lucro Real
A3: ANEXO ---- do Pregão nº XX/2024 – CONTA VINCULADA PLANILHA DE CUSTOS E FORMAÇÃO DE PREÇOS
A4: Nº do processo: | H4: xxxxx
A5: Licitação nº:
A6: Dia:
A7: DISCRIMINAÇÃO DOS SERVIÇOS (DADOS REFERENTES À CONTRATAÇÃO)
A8: A | B8: Data de apresentação da proposta (dia/mês/ano)
A9: B | B9: Município/UF | H9: Lajeado/RS
A10: C | B10: Ano do Acordo, Convenção ou Dissídio Coletivo | H10: CONVENÇÃO COLETIVA DE TRABALHO 2024 - MTE: RS004919/2023
A11: D | B11: Número de meses de execução contratual [Para efeito da análise dos Custos Não Renováveis (Analisar a exclusão dos CNR anualmente, em cada repactuação)] | H11: 60
A13: 1. MÓDULOS Mão de obra Mão de obra vinculada à execução contratual
A15: Dados para composição dos custos referente à mão de obra
A16: 1 | B16: Tipo de Serviço (mesmo serviço com características distintas) | H16: Manutenção Predial
A17: 2 | B17: Classificação Brasileira de Ocupações (CBO) | H17: 5143-10
A18: 3 | B18: Salário Normativo da Categoria Profissional - para a jornada de 44 h/sem | H18: 1540.51
A19: 4 | B19: Categoria Profissional (vinculada à execução contratual) | H19: Auxiliar de Manutenção Predial
A20: 5 | B20: Data-Base da Categoria (dia/mês/ano) | H20: 1º de janeiro de 2024
A22: Módulo 1: Composição da Remuneração
A23: 1 | B23: Composição da Remuneração | H23: Percentual (R$) | J23: Valor (R$)
A24: A | B24: Salário-Base (25h/semana) | J24: =ROUND(((25/6)*30)*(H18/220),2) -> 875.29
A25: B | B25: Adicional de Periculosidade | I25: 0 | J25: =ROUND(I25*J24,2) -> 0
A26: C | B26: Adicional Noturno
A27: D | B27: Adicional de Hora Noturna Reduzida
A28: E | B28: Adicional de Hora Extra no Feriado Trabalhado
A29: B | B29: Adicional de Insalubridade | I29: 0 | J29: =ROUND(I29*J24,2) -> 0
A30: Total | J30: =SUM(J24:J29) -> 875.29
A32: Módulo 2 – Encargos e Benefícios Anuais, Mensais e Diários
A33: Submódulo 2.1 – 13º (décimo terceiro) Salário e Adicional de Férias
A34: 2.1 | B34: 13º (décimo terceiro) Salário e Adicional de Férias | J34: Valor (R$)
A35: A | B35: 13º (décimo terceiro) Salário Obrigatória a cotação de 8,33% sobre o valor do Módulo 1 – Composição da Remuneração, conforme Anexo XII da IN 5/17 | I35: 0.0833 | J35: =ROUND($J$30*I35,2) -> 72.91
A36: B | B36: Adicional de Férias Obrigatória a cotação de 3,025% sobre o valor do Módulo 1 – Composição da Remuneração, conforme Anexo XII da IN 5/17 (Férias + Adicional = 9,075% + 3,025% = 12,10%) | I36: 0.03025 | J36: =ROUND($J$30*I36,2) -> 26.48
A37: Total | J37: =SUM(J35+J36) -> 99.39
A38: C | B38: Incidência dos encargos do Submódulo 2.2 sobre o total do Submódulo 2.1 | J38: =ROUND(I51*J37,2) -> 36.58
A39: Total | J39: =J37+J38 -> 135.97
A41: Submódulo 2.2 - Encargos Previdenciários (GPS), Fundo de Garantia por Tempo de Serviço (FGTS) e outras contribuições
A42: 2.2 | B42: GPS, FGTS e outras contribuições | I42: Percentual (%) | J42: Valor (R$)
A43: A | B43: INSS | I43: 0.2 | J43: =ROUND($J$30*I43,2) -> 175.06
A44: B | B44: Salário Educação | I44: 0.025 | J44: =ROUND($J$30*I44,2) -> 21.88
A45: C | B45: RAT x FAP | E45: RAT = | F45: 0.03 | G45: FAP = | H45: 1 | I45: =ROUND((F45*H45),6) -> 0.03 | J45: =ROUND($J$30*I45,2) -> 26.26
A46: D | B46: SESC ou SESI | I46: 0.015 | J46: =ROUND($J$30*I46,2) -> 13.13
A47: E | B47: SENAC ou SENAI | I47: 0.01 | J47: =ROUND($J$30*I47,2) -> 8.75
A48: F | B48: SEBRAE | I48: 0.006 | J48: =ROUND($J$30*I48,2) -> 5.25
A49: G | B49: INCRA | I49: 0.002 | J49: =ROUND($J$30*I49,2) -> 1.75
A50: H | B50: FGTS | I50: 0.08 | J50: =ROUND($J$30*I50,2) -> 70.02
A51: Total | I51: =SUM(I43:I50) -> 0.368 | J51: =SUM(J43:J50) -> 322.1
A53: Submódulo 2.3 – Benefícios Mensais e Diários
A54: 2.3 | B54: Benefícios Mensais e Diários | J54: Valor (R$)
A55: A | B55: Transporte Cálculo do valor: [(2xVTx22) – (6%xSB)] | J55: =IF(ROUND((I58*I56*I57)-(J24*I59),2)<0,0,ROUND((I58*I56*I57)-(J24*I59),2)) -> 200.48
B56: A.1) Valor da passagem do transporte coletivo no município de prestação dos serviços: | I56: 5.75 | J56: -
B57: A.2) Quantidade de passagens por dia por empregado: | I57: 2
B58: A.3) Quantidade de dias do mês de recebimento de passagens | I58: 22
B59: A.4) Participação do empregado em percentual do salário-base (cláus. 20 CCT 2023) | I59: 0.06
A60: B | B60: Auxílio-Refeição/Alimentação Cálculo do valor = [(22xVA)x(1-0,19)] | J60: =ROUND(I62*I61*(1-I63),2) -> 210.99
B61: B.1) Valor do auxílio-alimentação (clausula 19ª da CCT 2023): | I61: 11.84 | J61: -
B62: B.2) Quantidade de dias do mês de recebimento de auxílio-alimentação | I62: 22
B63: B.2) Quantidade de dias do mês de recebimento de auxílio-alimentação | I63: 0.19
A64: C | B64: Seguro contra riscos de acidente de trabalho | J64: 0
A65: D | B65: Plano de Benefício Social Familiar (clausula 29º da CCT 2023) | J65: 19.42
A66: Total | J66: =SUM(J55:J65) -> 430.89
A68: Quadro-Resumo do Módulo 2 – Encargos e Benefícios Anuais, Mensais e Diários
A69: 2 | B69: Encargos e Benefícios Anuais, Mensais e Diários | J69: Valor (R$)
A70: 2.1 | C70: 13º (décimo terceiro) Salário e Adicional de Férias | J70: =J39 -> 135.97
A71: 2.2 | C71: GPS, FGTS e outras contribuições | J71: =J51 -> 322.1
A72: 2.3 | C72: Benefícios Mensais e Diários | J72: =J66 -> 430.89
A73: Total | J73: =SUM(J70+J71+J72) -> 888.96
A75: Módulo 3 - Provisão para Rescisão
A76: 3 | B76: Provisão para Rescisão | J76: Valor (R$)
A77: A | B77: Aviso Prévio Indenizado Aviso-prévio indenizado Cálculo do valor = {Rem/12 + 13º/12=(Rem/12)/12 + Férias/12=(Rem/12)/12 + (1/3xFérias)/12=1/3x[(Rem/12)/12]} x (30/30=1) x 5% de rotatividade anual - Os reflexos de 13º, F e 1/3F são referentes a 1 mês de APInd - Na prorrogação, poderão ser considerados 3 dias conforme Lei nº 12.506/2011, dependendo da análise do nº de ocorrências deste evento no período | J77: =ROUND((($J$30/12)+($J$35/12)+($J$30*0.121/12))*(30/30)*0.05,2) -> 4.39
A78: B | B78: Incidência do FGTS sobre o Aviso Prévio Indenizado | J78: =ROUND($J$77*I50,2) -> 0.35
A79: C | B79: Aviso Prévio Trabalhado (negociar extinção/redução na 1ª prorrogação) Cálculo do valor= [(Rem/30)x7]/12 meses do contratox100% dos empregados - ao final do contrato | J79: =ROUND(((($J$30/30)*7)/$H$11)*1,2) -> 3.4
A80: D | B80: Incidência dos encargos do Submódulo 2.2 sobre o Aviso Prévio Trabalhado | J80: =ROUND($I$51*J79,2) -> 1.25
A81: E | B81: Multa do FGTS e contribuição social sobre o Aviso Prévio Trabalhado e Aviso Prévio Indenizado. Obrigatória a cotação de 4,00% sobre o valor do Módulo 1 – Composição da Remuneração, conforme Anexo XII da IN Seges nº 5/2017 | I81: 0.04 | J81: =ROUND($J$30*I81,2) -> 35.01
A82: Total | J82: =SUM(J77:J81) -> 44.4
A84: Módulo 4 - Custo de Reposição do Profissional Ausente
A85: Base de cálculo para o Custo de Reposição do Profissional Ausente (substituto): BCCPA = Rem + 13º + Férias + 1/3Férias | J85: =J88+J30+J35+J36 -> 1054.11
A87: 4.1 | B87: Substituto nas Ausências Legais | J87: Valor (R$)
A88: A | B88: Subsitituto na cobertura de Férias | I88: 0.09075 | J88: =ROUND(($J$30*I88),2) -> 79.43
A89: B | B89: Subsitituto na cobertura de Ausências Legais Cálculo do valor = [(BCCPA/30)x2,96dias]/12 | J89: =ROUND((($J$85/30)*2.96)/12,2) -> 8.67
A90: C | B90: Subsitituto na cobertura de Licença-Paternidade Cálculo do valor = {[(BCCPA/30)x5dias]/12}x1,5% | J90: =ROUND((($J$85/30)*5)/12*0.015,2) -> 0.22
A91: D | B91: Subsitituto na cobertura de Ausência por acidente de trabalho Cálculo do valor = {[(BCCPA/30)x0,97dias]/12} | J91: =ROUND(((($J$85/30)*0.97)/12),2) -> 2.84
A92: E | B92: Subsitituto na cobertura de Afastamento Maternidade Cálculo do valor = [((Férias + Férias / 3) + SUB2.2 x (Férias + Férias / 3)) x (4/12)] x 2% + [( FGTS x Rem + SUB 2.2 x 13º + SUB2.3 – VA – VT + MÓD3) x (4/12)] } x 2% Não incide Contribuição Previdenciária Patronal (INSS + 3ªs entidades) sobre a Remuneração da empregada residente nos 4 meses de Afastamento, conforme Solução de Consulta Cosit/RFB nº 27/2023, publicada na pág. 20 da Seção 1 do DOU de 09/02/2023. A Remuneração e o 13º da empregada residente poderão ser compensados, por isso não constam da fórmula. | J92: =ROUND(((((J30*0.121)+(I51)*(J30*0.121))*(4/12)))*0.02,2)+ROUND(((I50*J30+I51*J35+J66-J55-J60+J82)*4/12)*0.02,2) -> 2.04
A93: F | B93: Subsitituto na cobertura de Ausência por doença Cálculo do valor = [(BCCPA)/30)x3dias]/12 | J93: =ROUND(((($J$85/30)*3)/12),2) -> 8.78
A94: Total | J94: =SUM(J88:J93) -> 101.98
A95: G | B95: Incidência dos encargos do Submódulo 2.2 sobre o total do Submódulo 4.1 | J95: =ROUND(I51*J94,2) -> 37.53
A96: Total | J96: =SUM(J94:J95) -> 139.51
A97: Submódulo 4.2 – Subistituto na Intrajornada
A98: 4.2 | B98: Substituto na Intrajornada | J98: Valor (R$)
A99: A | B99: Subsitituto na cobertura de Intervalo para repouso ou alimentação | J99: 0
A100: Total | J100: 0
A101: B | B101: Incidência dos encargos do Submódulo 2.2 sobre o total do Submódulo 4.2 | J101: =ROUND(I51*J100,2) -> 0
A102: Total | J102: =SUM(J100:J101) -> 0
A104: Quadro-Resumo do Módulo 4 – Custo de Reposição do Profissional Ausente
A105: 4 | B105: Custo de Reposição do Profissional Ausente | J105: Valor (R$)
A106: 4.1 | B106: Ausências Legais | J106: =J96 -> 139.51
A107: 4.2 | B107: Intrajornada | J107: =J102 -> 0
A108: Total | J108: =SUM(J106+J107) -> 139.51
A110: Módulo 5 – Insumos Diversos
A111: 5 | B111: Insumos diversos | J111: Valor (R$)
A112: A | B112: Uniformes | J112: ='INSUMOS - Lajeado'!D189 -> 133.96083
...

Sheet Jardinagem - Lajeado
A1: LEI 14.133/2021 - LAJEADO
A2: Jardinagem - Regime de Tributação: Lucro Real
A3: ANEXO ---- do Pregão nº XX/2024 – CONTA VINCULADA PLANILHA DE CUSTOS E FORMAÇÃO DE PREÇOS
A4: Nº do processo: | H4: xxxxx
A5: Licitação nº:
A6: Dia:
A7: DISCRIMINAÇÃO DOS SERVIÇOS (DADOS REFERENTES À CONTRATAÇÃO)
A8: A | B8: Data de apresentação da proposta (dia/mês/ano)
A9: B | B9: Município/UF | H9: Lajeado/RS
A10: C | B10: Ano do Acordo, Convenção ou Dissídio Coletivo | H10: CONVENÇÃO COLETIVA DE TRABALHO 2024 - MTE: RS004919/2023
A11: D | B11: Número de meses de execução contratual [Para efeito da análise dos Custos Não Renováveis (Analisar a exclusão dos CNR anualmente, em cada repactuação)] | H11: 60
A13: 1. MÓDULOS Mão de obra Mão de obra vinculada à execução contratual
A15: Dados para composição dos custos referente à mão de obra
A16: 1 | B16: Tipo de Serviço (mesmo serviço com características distintas) | H16: Jardinagem
A17: 2 | B17: Classificação Brasileira de Ocupações (CBO) | H17: 1578123
A18: 3 | B18: Salário Normativo da Categoria Profissional - para a jornada de 44 h/sem | H18: 1540.51
A19: 4 | B19: Categoria Profissional (vinculada à execução contratual) | H19: Jardineiro(a)
A20: 5 | B20: Data-Base da Categoria (dia/mês/ano) | H20: 1º de janeiro de 2024
A22: Módulo 1: Composição da Remuneração
A23: 1 | B23: Composição da Remuneração | H23: Percentual (R$) | J23: Valor (R$)
A24: A | B24: Salário-Base (valor para somente 1 Jardineiro/a - 25h/semana) | J24: =ROUND(((25/6)*30)*(H18/220),2) -> 875.29
A25: B | B25: Adicional de Periculosidade | I25: 0 | J25: =ROUND(I25*J24,2) -> 0
A26: C | B26: Adicional Noturno
A27: D | B27: Adicional de Hora Noturna Reduzida
A28: E | B28: Adicional de Hora Extra no Feriado Trabalhado
A29: B | B29: Adicional de Insalubridade | I29: 0.2 | J29: =ROUND(I29*J24,2) -> 175.06
A30: Total | J30: =SUM(J24:J29) -> 1050.35
A32: Módulo 2 – Encargos e Benefícios Anuais, Mensais e Diários
A33: Submódulo 2.1 – 13º (décimo terceiro) Salário e Adicional de Férias
A34: 2.1 | B34: 13º (décimo terceiro) Salário e Adicional de Férias | J34: Valor (R$)
A35: A | B35: 13º (décimo terceiro) Salário Obrigatória a cotação de 8,33% sobre o valor do Módulo 1 – Composição da Remuneração, conforme Anexo XII da IN 5/17 | I35: 0.0833 | J35: =ROUND($J$30*I35,2) -> 87.49
A36: B | B36: Adicional de Férias Obrigatória a cotação de 3,025% sobre o valor do Módulo 1 – Composição da Remuneração, conforme Anexo XII da IN 5/17 (Férias + Adicional = 9,075% + 3,025% = 12,10%) | I36: 0.03025 | J36: =ROUND($J$30*I36,2) -> 31.77
A37: Total | J37: =SUM(J35+J36) -> 119.26
A38: C | B38: Incidência dos encargos do Submódulo 2.2 sobre o total do Submódulo 2.1 | J38: =ROUND(I51*J37,2) -> 43.89
A39: Total | J39: =J37+J38 -> 163.15
A41: Submódulo 2.2 - Encargos Previdenciários (GPS), Fundo de Garantia por Tempo de Serviço (FGTS) e outras contribuições
A42: 2.2 | B42: GPS, FGTS e outras contribuições | I42: Percentual (%) | J42: Valor (R$)
A43: A | B43: INSS | I43: 0.2 | J43: =ROUND($J$30*I43,2) -> 210.07
A44: B | B44: Salário Educação | I44: 0.025 | J44: =ROUND($J$30*I44,2) -> 26.26
A45: C | B45: RAT x FAP | E45: RAT = | F45: 0.03 | G45: FAP = | H45: 1 | I45: =ROUND((F45*H45),6) -> 0.03 | J45: =ROUND($J$30*I45,2) -> 31.51
A46: D | B46: SESC ou SESI | I46: 0.015 | J46: =ROUND($J$30*I46,2) -> 15.76
A47: E | B47: SENAC ou SENAI | I47: 0.01 | J47: =ROUND($J$30*I47,2) -> 10.5
A48: F | B48: SEBRAE | I48: 0.006 | J48: =ROUND($J$30*I48,2) -> 6.3
A49: G | B49: INCRA | I49: 0.002 | J49: =ROUND($J$30*I49,2) -> 2.1
A50: H | B50: FGTS | I50: 0.08 | J50: =ROUND($J$30*I50,2) -> 84.03
A51: Total | I51: =SUM(I43:I50) -> 0.368 | J51: =SUM(J43:J50) -> 386.53
A53: Submódulo 2.3 – Benefícios Mensais e Diários
A54: 2.3 | B54: Benefícios Mensais e Diários | J54: Valor (R$)
A55: A | B55: Transporte Cálculo do valor: [(2xVTx22) – (6%xSB)] | J55: =IF(ROUND((I58*I56*I57)-(J24*I59),2)<0,0,ROUND((I58*I56*I57)-(J24*I59),2)) -> 200.48
B56: A.1) Valor da passagem do transporte coletivo no município de prestação dos serviços: | I56: 5.75 | J56: -
B57: A.2) Quantidade de passagens por dia por empregado: | I57: 2
B58: A.3) Quantidade de dias do mês de recebimento de passagens | I58: 22
B59: A.4) Participação do empregado em percentual do salário-base (cláus. 20 CCT 2023) | I59: 0.06
A60: B | B60: Auxílio-Refeição/Alimentação Cálculo do valor = [(22xVA)x(1-0,19)] | J60: =ROUND(I62*I61*(1-I63),2) -> 210.99
B61: B.1) Valor do auxílio-alimentação (clausula 19ª da CCT 2023): | I61: 11.84 | J61: -
B62: B.2) Quantidade de dias do mês de recebimento de auxílio-alimentação | I62: 22
B63: B.2) Quantidade de dias do mês de recebimento de auxílio-alimentação | I63: 0.19
A64: C | B64: Seguro contra riscos de acidente de trabalho | J64: 0
A65: D | B65: Plano de Benefício Social Familiar (clausula 29º da CCT 2023) | J65: 19.42
A66: Total | J66: =SUM(J55:J65) -> 430.89
A68: Quadro-Resumo do Módulo 2 – Encargos e Benefícios Anuais, Mensais e Diários
A69: 2 | B69: Encargos e Benefícios Anuais, Mensais e Diários | J69: Valor (R$)
A70: 2.1 | C70: 13º (décimo terceiro) Salário e Adicional de Férias | J70: =J39 -> 163.15
A71: 2.2 | C71: GPS, FGTS e outras contribuições | J71: =J51 -> 386.53
A72: 2.3 | C72: Benefícios Mensais e Diários | J72: =J66 -> 430.89
A73: Total | J73: =SUM(J70+J71+J72) -> 980.57
A75: Módulo 3 - Provisão para Rescisão
A76: 3 | B76: Provisão para Rescisão | J76: Valor (R$)
A77: A | B77: Aviso Prévio Indenizado Aviso-prévio indenizado Cálculo do valor = {Rem/12 + 13º/12=(Rem/12)/12 + Férias/12=(Rem/12)/12 + (1/3xFérias)/12=1/3x[(Rem/12)/12]} x (30/30=1) x 5% de rotatividade anual - Os reflexos de 13º, F e 1/3F são referentes a 1 mês de APInd - Na prorrogação, poderão ser considerados 3 dias conforme Lei nº 12.506/2011, dependendo da análise do nº de ocorrências deste evento no período | J77: =ROUND((($J$30/12)+($J$35/12)+($J$30*0.121/12))*(30/30)*0.05,2) -> 5.27
A78: B | B78: Incidência do FGTS sobre o Aviso Prévio Indenizado | J78: =ROUND($J$77*I50,2) -> 0.42
A79: C | B79: Aviso Prévio Trabalhado (negociar extinção/redução na 1ª prorrogação) Cálculo do valor= [(Rem/30)x7]/12 meses do contratox100% dos empregados - ao final do contrato | J79: =ROUND(((($J$30/30)*7)/$H$11)*1,2) -> 4.08
A80: D | B80: Incidência dos encargos do Submódulo 2.2 sobre o Aviso Prévio Trabalhado | J80: =ROUND($I$51*J79,2) -> 1.5
A81: E | B81: Multa do FGTS e contribuição social sobre o Aviso Prévio Trabalhado e Aviso Prévio Indenizado. Obrigatória a cotação de 4,00% sobre o valor do Módulo 1 – Composição da Remuneração, conforme Anexo XII da IN Seges nº 5/2017 | I81: 0.04 | J81: =ROUND($J$30*I81,2) -> 42.01
A82: Total | J82: =SUM(J77:J81) -> 53.28
A84: Módulo 4 - Custo de Reposição do Profissional Ausente
A85: Base de cálculo para o Custo de Reposição do Profissional Ausente (substituto): BCCPA = Rem + 13º + Férias + 1/3Férias | J85: =J88+J30+J35+J36 -> 1264.93
A87: 4.1 | B87: Substituto nas Ausências Legais | J87: Valor (R$)
A88: A | B88: Subsitituto na cobertura de Férias | I88: 0.09075 | J88: =ROUND(($J$30*I88),2) -> 95.32
A89: B | B89: Subsitituto na cobertura de Ausências Legais Cálculo do valor = [(BCCPA/30)x2,96dias]/12 | J89: =ROUND((($J$85/30)*2.96)/12,2) -> 10.4
A90: C | B90: Subsitituto na cobertura de Licença-Paternidade Cálculo do valor = {[(BCCPA/30)x5dias]/12}x1,5% | J90: =ROUND((($J$85/30)*5)/12*0.015,2) -> 0.26
A91: D | B91: Subsitituto na cobertura de Ausência por acidente de trabalho Cálculo do valor = {[(BCCPA/30)x0,97dias]/12} | J91: =ROUND(((($J$85/30)*0.97)/12),2) -> 3.41
A92: E | B92: Subsitituto na cobertura de Afastamento Maternidade Cálculo do valor = [((Férias + Férias / 3) + SUB2.2 x (Férias + Férias / 3)) x (4/12)] x 2% + [( FGTS x Rem + SUB 2.2 x 13º + SUB2.3 – VA – VT + MÓD3) x (4/12)] } x 2% Não incide Contribuição Previdenciária Patronal (INSS + 3ªs entidades) sobre a Remuneração da empregada residente nos 4 meses de Afastamento, conforme Solução de Consulta Cosit/RFB nº 27/2023, publicada na pág. 20 da Seção 1 do DOU de 09/02/2023. A Remuneração e o 13º da empregada residente poderão ser compensados, por isso não constam da fórmula. | J92: =ROUND(((((J30*0.121)+(I51)*(J30*0.121))*(4/12)))*0.02,2)+ROUND(((I50*J30+I51*J35+J66-J55-J60+J82)*4/12)*0.02,2) -> 2.42
A93: F | B93: Subsitituto na cobertura de Ausência por doença Cálculo do valor = [(BCCPA)/30)x3dias]/12 | J93: =ROUND(((($J$85/30)*3)/12),2) -> 10.54
A94: Total | J94: =SUM(J88:J93) -> 122.35
A95: G | B95: Incidência dos encargos do Submódulo 2.2 sobre o total do Submódulo 4.1 | J95: =ROUND(I51*J94,2) -> 45.02
A96: Total | J96: =SUM(J94:J95) -> 167.37
A97: Submódulo 4.2 – Subistituto na Intrajornada
A98: 4.2 | B98: Substituto na Intrajornada | J98: Valor (R$)
A99: A | B99: Subsitituto na cobertura de Intervalo para repouso ou alimentação | J99: 0
A100: Total | J100: 0
A101: B | B101: Incidência dos encargos do Submódulo 2.2 sobre o total do Submódulo 4.2 | J101: =ROUND(I51*J100,2) -> 0
A102: Total | J102: =SUM(J100:J101) -> 0
A104: Quadro-Resumo do Módulo 4 – Custo de Reposição do Profissional Ausente
A105: 4 | B105: Custo de Reposição do Profissional Ausente | J105: Valor (R$)
A106: 4.1 | B106: Ausências Legais | J106: =J96 -> 167.37
A107: 4.2 | B107: Intrajornada | J107: =J102 -> 0
A108: Total | J108: =SUM(J106+J107) -> 167.37
A110: Módulo 5 – Insumos Diversos
A111: 5 | B111: Insumos diversos | J111: Valor (R$)
A112: A | B112: Uniformes | J112: ='INSUMOS - Lajeado'!D194 -> 136.33417
...

Sheet SG-Oficial de Manut. Pred
A1: LEI 14.133/2021 - SAPIRANGA
A2: Oficial de Manutenção Predial - Regime de Tributação: Lucro Real
A3: ANEXO ---- do Pregão nº XX/2024 – CONTA VINCULADA PLANILHA DE CUSTOS E FORMAÇÃO DE PREÇOS
A4: Nº do processo: | H4: xxxxx
A5: Licitação nº:
A6: Dia:
A7: DISCRIMINAÇÃO DOS SERVIÇOS (DADOS REFERENTES À CONTRATAÇÃO)
A8: A | B8: Data de apresentação da proposta (dia/mês/ano)
A9: B | B9: Município/UF | H9: Sapiranga/RS
A10: C | B10: Ano do Acordo, Convenção ou Dissídio Coletivo | H10: CONVENÇÃO COLETIVA DE TRABALHO 2024 - MTE RS000238/2024
A11: D | B11: Número de meses de execução contratual [Para efeito da análise dos Custos Não Renováveis (Analisar a exclusão dos CNR anualmente, em cada repactuação)] | H11: 60
A13: 1. MÓDULOS Mão de obra Mão de obra vinculada à execução contratual
A15: Dados para composição dos custos referente à mão de obra
A16: 1 | B16: Tipo de Serviço (mesmo serviço com características distintas) | H16: Manutenção Predial
A17: 2 | B17: Classificação Brasileira de Ocupações (CBO) | H17: 5143-25
A18: 3 | B18: Salário Normativo da Categoria Profissional - para a jornada de 44 h/sem | H18: =9.31*220 -> 2048.2
A19: 4 | B19: Categoria Profissional (vinculada à execução contratual) | H19: Oficial de Manutenção Predial
A20: 5 | B20: Data-Base da Categoria (dia/mês/ano) | H20: 1º de janeiro de 2024
A22: Módulo 1: Composição da Remuneração
A23: 1 | B23: Composição da Remuneração | H23: Percentual (R$) | J23: Valor (R$)
A24: A | B24: Salário-Base (25h/semana) | J24: =ROUND(((25/6)*30)*(H18/220),2) -> 1163.75
A25: B | B25: Adicional de Periculosidade | I25: 0.3 | J25: =ROUND(I25*J24,2) -> 349.13
A26: C | B26: Adicional Noturno
A27: D | B27: Adicional de Hora Noturna Reduzida
A28: E | B28: Adicional de Hora Extra no Feriado Trabalhado
A29: B | B29: Adicional de Insalubridade | I29: 0 | J29: =ROUND(I29*J24,2) -> 0
A30: Total | J30: =SUM(J24:J29) -> 1512.88
A32: Módulo 2 – Encargos e Benefícios Anuais, Mensais e Diários
A33: Submódulo 2.1 – 13º (décimo terceiro) Salário e Adicional de Férias
A34: 2.1 | B34: 13º (décimo terceiro) Salário e Adicional de Férias | J34: Valor (R$)
A35: A | B35: 13º (décimo terceiro) Salário Obrigatória a cotação de 8,33% sobre o valor do Módulo 1 – Composição da Remuneração, conforme Anexo XII da IN 5/17 | I35: 0.0833 | J35: =ROUND($J$30*I35,2) -> 126.02
A36: B | B36: Adicional de Férias Obrigatória a cotação de 3,025% sobre o valor do Módulo 1 – Composição da Remuneração, conforme Anexo XII da IN 5/17 (Férias + Adicional = 9,075% + 3,025% = 12,10%) | I36: 0.03025 | J36: =ROUND($J$30*I36,2) -> 45.76
A37: Total | J37: =SUM(J35+J36) -> 171.78
A38: C | B38: Incidência dos encargos do Submódulo 2.2 sobre o total do Submódulo 2.1 | J38: =ROUND(I51*J37,2) -> 63.22
A39: Total | J39: =J37+J38 -> 235
A41: Submódulo 2.2 - Encargos Previdenciários (GPS), Fundo de Garantia por Tempo de Serviço (FGTS) e outras contribuições
A42: 2.2 | B42: GPS, FGTS e outras contribuições | I42: Percentual (%) | J42: Valor (R$)
A43: A | B43: INSS | I43: 0.2 | J43: =ROUND($J$30*I43,2) -> 302.58
A44: B | B44: Salário Educação | I44: 0.025 | J44: =ROUND($J$30*I44,2) -> 37.82
A45: C | B45: RAT x FAP | E45: RAT = | F45: 0.03 | G45: FAP = | H45: 1 | I45: =ROUND((F45*H45),6) -> 0.03 | J45: =ROUND($J$30*I45,2) -> 45.39
A46: D | B46: SESC ou SESI | I46: 0.015 | J46: =ROUND($J$30*I46,2) -> 22.69
A47: E | B47: SENAC ou SENAI | I47: 0.01 | J47: =ROUND($J$30*I47,2) -> 15.13
A48: F | B48: SEBRAE | I48: 0.006 | J48: =ROUND($J$30*I48,2) -> 9.08
A49: G | B49: INCRA | I49: 0.002 | J49: =ROUND($J$30*I49,2) -> 3.03
A50: H | B50: FGTS | I50: 0.08 | J50: =ROUND($J$30*I50,2) -> 121.03
A51: Total | I51: =SUM(I43:I50) -> 0.368 | J51: =SUM(J43:J50) -> 556.75
A53: Submódulo 2.3 – Benefícios Mensais e Diários
A54: 2.3 | B54: Benefícios Mensais e Diários | J54: Valor (R$)
A55: A | B55: Transporte Cálculo do valor: [(2xVTx22) – (6%xSB)] | J55: =IF(ROUND((I58*I56*I57)-(J24*I59),2)<0,0,ROUND((I58*I56*I57)-(J24*I59),2)) -> 106.18
B56: A.1) Valor da passagem do transporte coletivo no município de prestação dos serviços: | I56: 4 | J56: -
B57: A.2) Quantidade de passagens por dia por empregado: | I57: 2
B58: A.3) Quantidade de dias do mês de recebimento de passagens | I58: 22
B59: A.4) Participação do empregado em percentual do salário-base | I59: 0.06
A60: B | B60: Cesta ou Auxílio-Refeição/Alimentação | J60: =SUM(I61-(I61*I62)) -> 17.916667
B61: B.1) Valor do auxílio-alimentação (CLÁUSULA 11.1 da CCT): | I61: =215/12 -> 17.916667 | J61: -
B62: B.2) Participação do empregado em percentual | I62: 0
A63: C | B63: Seguro contra riscos de acidente de trabalho | J63: 19.42
A64: Total | J64: =SUM(J55:J63) -> 143.51667
A66: Quadro-Resumo do Módulo 2 – Encargos e Benefícios Anuais, Mensais e Diários
A67: 2 | B67: Encargos e Benefícios Anuais, Mensais e Diários | J67: Valor (R$)
A68: 2.1 | C68: 13º (décimo terceiro) Salário e Adicional de Férias | J68: =J39 -> 235
A69: 2.2 | C69: GPS, FGTS e outras contribuições | J69: =J51 -> 556.75
A70: 2.3 | C70: Benefícios Mensais e Diários | J70: =J64 -> 143.51667
A71: Total | J71: =SUM(J68+J69+J70) -> 935.26667
A73: Módulo 3 - Provisão para Rescisão
A74: 3 | B74: Provisão para Rescisão | J74: Valor (R$)
A75: A | B75: Aviso Prévio Indenizado Aviso-prévio indenizado Cálculo do valor = {Rem/12 + 13º/12=(Rem/12)/12 + Férias/12=(Rem/12)/12 + (1/3xFérias)/12=1/3x[(Rem/12)/12]} x (30/30=1) x 5% de rotatividade anual - Os reflexos de 13º, F e 1/3F são referentes a 1 mês de APInd - Na prorrogação, poderão ser considerados 3 dias conforme Lei nº 12.506/2011, dependendo da análise do nº de ocorrências deste evento no período | J75: =ROUND((($J$30/12)+($J$35/12)+($J$30*0.121/12))*(30/30)*0.05,2) -> 7.59
A76: B | B76: Incidência do FGTS sobre o Aviso Prévio Indenizado | J76: =ROUND($J$75*I50,2) -> 0.61
A77: C | B77: Aviso Prévio Trabalhado (negociar extinção/redução na 1ª prorrogação) Cálculo do valor= [(Rem/30)x7]/60 meses do contratox100% dos empregados - ao final do contrato | J77: =ROUND(((($J$30/30)*7)/$H$11)*1,2) -> 5.88
A78: D | B78: Incidência dos encargos do Submódulo 2.2 sobre o Aviso Prévio Trabalhado | J78: =ROUND($I$51*J77,2) -> 2.16
A79: E | B79: Multa do FGTS e contribuição social sobre o Aviso Prévio Trabalhado e Aviso Prévio Indenizado. Obrigatória a cotação de 4,00% sobre o valor do Módulo 1 – Composição da Remuneração, conforme Anexo XII da IN Seges nº 5/2017 | I79: 0.04 | J79: =ROUND($J$30*I79,2) -> 60.52
A80: Total | J80: =SUM(J75:J79) -> 76.76
A82: Módulo 4 - Custo de Reposição do Profissional Ausente
A83: Base de cálculo para o Custo de Reposição do Profissional Ausente (substituto): BCCPA = Rem + 13º + Férias + 1/3Férias | J83: =J86+J30+J35+J36 -> 1821.95
A85: 4.1 | B85: Substituto nas Ausências Legais | J85: Valor (R$)
A86: A | B86: Subsitituto na cobertura de Férias | I86: 0.09075 | J86: =ROUND(($J$30*I86),2) -> 137.29
A87: B | B87: Subsitituto na cobertura de Ausências Legais Cálculo do valor = [(BCCPA/30)x2,96dias]/12 | J87: =ROUND((($J$83/30)*2.96)/12,2) -> 14.98
A88: C | B88: Subsitituto na cobertura de Licença-Paternidade Cálculo do valor = {[(BCCPA/30)x5dias]/12}x1,5% | J88: =ROUND((($J$83/30)*5)/12*0.015,2) -> 0.38
A89: D | B89: Subsitituto na cobertura de Ausência por acidente de trabalho Cálculo do valor = {[(BCCPA/30)x0,97dias]/12} | J89: =ROUND(((($J$83/30)*0.97)/12),2) -> 4.91
A90: E | B90: Subsitituto na cobertura de Afastamento Maternidade Cálculo do valor = [((Férias + Férias / 3) + SUB2.2 x (Férias + Férias / 3)) x (4/12)] x 2% + [( FGTS x Rem + SUB 2.2 x 13º + SUB2.3 – VA – VT + MÓD3) x (4/12)] } x 2% Não incide Contribuição Previdenciária Patronal (INSS + 3ªs entidades) sobre a Remuneração da empregada residente nos 4 meses de Afastamento, conforme Solução de Consulta Cosit/RFB nº 27/2023, publicada na pág. 20 da Seção 1 do DOU de 09/02/2023. A Remuneração e o 13º da empregada residente poderão ser compensados, por isso não constam da fórmula. | J90: =ROUND(((((J30*0.121)+(I51)*(J30*0.121))*(4/12)))*0.02,2)+ROUND(((I50*J30+I51*J35+J64-J55-J60+J80)*4/12)*0.02,2) -> 3.43
A91: F | B91: Substituto na cobertura de Ausência por doença Cálculo do valor = [(BCCPA)/30)x3dias]/12 | J91: =ROUND(((($J$83/30)*3)/12),2) -> 15.18
A92: Total | J92: =SUM(J86:J91) -> 176.17
A93: G | B93: Incidência dos encargos do Submódulo 2.2 sobre o total do Submódulo 4.1 | J93: =ROUND(I51*J92,2) -> 64.83
A94: Total | J94: =SUM(J92:J93) -> 241
A95: Submódulo 4.2 – Subistituto na Intrajornada
A96: 4.2 | B96: Substituto na Intrajornada | J96: Valor (R$)
A97: A | B97: Subsitituto na cobertura de Intervalo para repouso ou alimentação | J97: 0
A98: Total | J98: 0
A99: B | B99: Incidência dos encargos do Submódulo 2.2 sobre o total do Submódulo 4.2 | J99: =ROUND(I51*J98,2) -> 0
A100: Total | J100: =SUM(J98:J99) -> 0
A102: Quadro-Resumo do Módulo 4 – Custo de Reposição do Profissional Ausente
A103: 4 | B103: Custo de Reposição do Profissional Ausente | J103: Valor (R$)
A104: 4.1 | B104: Ausências Legais | J104: =J94 -> 241
A105: 4.2 | B105: Intrajornada | J105: =J100 -> 0
A106: Total | J106: =SUM(J104+J105) -> 241
A108: Módulo 5 – Insumos Diversos
A109: 5 | B109: Insumos diversos | J109: Valor (R$)
A110: A | B110: Uniformes | J110: ='INSUMOS - Sapiranga'!D169 -> 185.335
A111: B | B111: Materiais | J111: ='INSUMOS - Sapiranga'!D166+'INSUMOS - Sapiranga'!D167 -> 1504.7443
A112: C | B112: Equipamentos | J112: ='INSUMOS - Sapiranga'!D168 -> 129.54708
...

Sheet SG-Jardinagem
A1: LEI 14.133/2021 - SAPIRANGA
A2: Jardinagem - Regime de Tributação: Lucro Real
A3: ANEXO ---- do Pregão nº XX/2024 – CONTA VINCULADA PLANILHA DE CUSTOS E FORMAÇÃO DE PREÇOS
A4: Nº do processo: | H4: xxxxx
A5: Licitação nº:
A6: Dia:
A7: DISCRIMINAÇÃO DOS SERVIÇOS (DADOS REFERENTES À CONTRATAÇÃO)
A8: A | B8: Data de apresentação da proposta (dia/mês/ano)
A9: B | B9: Município/UF | H9: Sapiranga/RS
A10: C | B10: Ano do Acordo, Convenção ou Dissídio Coletivo | H10: CONVENÇÃO COLETIVA DE TRABALHO 2024 - MTE: RS000045/2024
A11: D | B11: Número de meses de execução contratual [Para efeito da análise dos Custos Não Renováveis (Analisar a exclusão dos CNR anualmente, em cada repactuação)] | H11: 60
A13: 1. MÓDULOS Mão de obra Mão de obra vinculada à execução contratual
A15: Dados para composição dos custos referente à mão de obra
A16: 1 | B16: Tipo de Serviço (mesmo serviço com características distintas) | H16: Jardinagem
A17: 2 | B17: Classificação Brasileira de Ocupações (CBO) | H17: 1578123
A18: 3 | B18: Salário Normativo da Categoria Profissional - para a jornada de 44 h/sem | H18: 1540.51
A19: 4 | B19: Categoria Profissional (vinculada à execução contratual) | H19: Jardineiro(a)
A20: 5 | B20: Data-Base da Categoria (dia/mês/ano) | H20: 1º de janeiro de 2024
A22: Módulo 1: Composição da Remuneração
A23: 1 | B23: Composição da Remuneração | H23: Percentual (R$) | J23: Valor (R$)
A24: A | B24: Salário-Base (valor para somente 1 Jardineiro/a - 25h/semana) | J24: =ROUND(((25/6)*30)*(H18/220),2) -> 875.29
A25: B | B25: Adicional de Periculosidade | I25: 0 | J25: =ROUND(I25*J24,2) -> 0
A26: C | B26: Adicional Noturno
A27: D | B27: Adicional de Hora Noturna Reduzida
A28: E | B28: Adicional de Hora Extra no Feriado Trabalhado
A29: B | B29: Adicional de Insalubridade | I29: 0.2 | J29: =ROUND(I29*J24,2) -> 175.06
A30: Total | J30: =SUM(J24:J29) -> 1050.35
A32: Módulo 2 – Encargos e Benefícios Anuais, Mensais e Diários
A33: Submódulo 2.1 – 13º (décimo terceiro) Salário e Adicional de Férias
A34: 2.1 | B34: 13º (décimo terceiro) Salário e Adicional de Férias | J34: Valor (R$)
A35: A | B35: 13º (décimo terceiro) Salário Obrigatória a cotação de 8,33% sobre o valor do Módulo 1 – Composição da Remuneração, conforme Anexo XII da IN 5/17 | I35: 0.0833 | J35: =ROUND($J$30*I35,2) -> 87.49
A36: B | B36: Adicional de Férias Obrigatória a cotação de 3,025% sobre o valor do Módulo 1 – Composição da Remuneração, conforme Anexo XII da IN 5/17 (Férias + Adicional = 9,075% + 3,025% = 12,10%) | I36: 0.03025 | J36: =ROUND($J$30*I36,2) -> 31.77
A37: Total | J37: =SUM(J35+J36) -> 119.26
A38: C | B38: Incidência dos encargos do Submódulo 2.2 sobre o total do Submódulo 2.1 | J38: =ROUND(I51*J37,2) -> 43.89
A39: Total | J39: =J37+J38 -> 163.15
A41: Submódulo 2.2 - Encargos Previdenciários (GPS), Fundo de Garantia por Tempo de Serviço (FGTS) e outras contribuições
A42: 2.2 | B42: GPS, FGTS e outras contribuições | I42: Percentual (%) | J42: Valor (R$)
A43: A | B43: INSS | I43: 0.2 | J43: =ROUND($J$30*I43,2) -> 210.07
A44: B | B44: Salário Educação | I44: 0.025 | J44: =ROUND($J$30*I44,2) -> 26.26
A45: C | B45: RAT x FAP | E45: RAT = | F45: 0.03 | G45: FAP = | H45: 1 | I45: =ROUND((F45*H45),6) -> 0.03 | J45: =ROUND($J$30*I45,2) -> 31.51
A46: D | B46: SESC ou SESI | I46: 0.015 | J46: =ROUND($J$30*I46,2) -> 15.76
A47: E | B47: SENAC ou SENAI | I47: 0.01 | J47: =ROUND($J$30*I47,2) -> 10.5
A48: F | B48: SEBRAE | I48: 0.006 | J48: =ROUND($J$30*I48,2) -> 6.3
A49: G | B49: INCRA | I49: 0.002 | J49: =ROUND($J$30*I49,2) -> 2.1
A50: H | B50: FGTS | I50: 0.08 | J50: =ROUND($J$30*I50,2) -> 84.03
A51: Total | I51: =SUM(I43:I50) -> 0.368 | J51: =SUM(J43:J50) -> 386.53
A53: Submódulo 2.3 – Benefícios Mensais e Diários
A54: 2.3 | B54: Benefícios Mensais e Diários | J54: Valor (R$)
A55: A | B55: Transporte Cálculo do valor: [(2xVTx22) – (6%xSB)] | J55: =IF(ROUND((I58*I56*I57)-(J24*I59),2)<0,0,ROUND((I58*I56*I57)-(J24*I59),2)) -> 123.48
B56: A.1) Valor da passagem do transporte coletivo no município de prestação dos serviços: | I56: 4 | J56: -
B57: A.2) Quantidade de passagens por dia por empregado: | I57: 2
B58: A.3) Quantidade de dias do mês de recebimento de passagens | I58: 22
B59: A.4) Participação do empregado em percentual do salário-base (cláus. 20 CCT 2023) | I59: 0.06
A60: B | B60: Auxílio-Refeição/Alimentação Cálculo do valor = [(22xVA)x(1-0,19)] | J60: =ROUND(I62*I61*(1-I63),2) -> 210.99
B61: B.1) Valor do auxílio-alimentação (clausula 19ª da CCT 2023): | I61: 11.84 | J61: -
B62: B.2) Quantidade de dias do mês de recebimento de auxílio-alimentação | I62: 22
B63: B.2) Quantidade de dias do mês de recebimento de auxílio-alimentação | I63: 0.19
A64: C | B64: Seguro contra riscos de acidente de trabalho | J64: 0
A65: D | B65: Plano de Benefício Social Familiar MTE: RS000045/2024 | J65: 19.42
A66: Total | J66: =SUM(J55:J65) -> 353.89
A68: Quadro-Resumo do Módulo 2 – Encargos e Benefícios Anuais, Mensais e Diários
A69: 2 | B69: Encargos e Benefícios Anuais, Mensais e Diários | J69: Valor (R$)
A70: 2.1 | C70: 13º (décimo terceiro) Salário e Adicional de Férias | J70: =J39 -> 163.15
A71: 2.2 | C71: GPS, FGTS e outras contribuições | J71: =J51 -> 386.53
A72: 2.3 | C72: Benefícios Mensais e Diários | J72: =J66 -> 353.89
A73: Total | J73: =SUM(J70+J71+J72) -> 903.57
A75: Módulo 3 - Provisão para Rescisão
A76: 3 | B76: Provisão para Rescisão | J76: Valor (R$)
A77: A | B77: Aviso Prévio Indenizado Aviso-prévio indenizado Cálculo do valor = {Rem/12 + 13º/12=(Rem/12)/12 + Férias/12=(Rem/12)/12 + (1/3xFérias)/12=1/3x[(Rem/12)/12]} x (30/30=1) x 5% de rotatividade anual - Os reflexos de 13º, F e 1/3F são referentes a 1 mês de APInd - Na prorrogação, poderão ser considerados 3 dias conforme Lei nº 12.506/2011, dependendo da análise do nº de ocorrências deste evento no período | J77: =ROUND((($J$30/12)+($J$35/12)+($J$30*0.121/12))*(30/30)*0.05,2) -> 5.27
A78: B | B78: Incidência do FGTS sobre o Aviso Prévio Indenizado | J78: =ROUND($J$77*I50,2) -> 0.42
A79: C | B79: Aviso Prévio Trabalhado (negociar extinção/redução na 1ª prorrogação) Cálculo do valor= [(Rem/30)x7]/12 meses do contratox100% dos empregados - ao final do contrato | J79: =ROUND(((($J$30/30)*7)/$H$11)*1,2) -> 4.08
A80: D | B80: Incidência dos encargos do Submódulo 2.2 sobre o Aviso Prévio Trabalhado | J80: =ROUND($I$51*J79,2) -> 1.5
A81: E | B81: Multa do FGTS e contribuição social sobre o Aviso Prévio Trabalhado e Aviso Prévio Indenizado. Obrigatória a cotação de 4,00% sobre o valor do Módulo 1 – Composição da Remuneração, conforme Anexo XII da IN Seges nº 5/2017 | I81: 0.04 | J81: =ROUND($J$30*I81,2) -> 42.01
A82: Total | J82: =SUM(J77:J81) -> 53.28
A84: Módulo 4 - Custo de Reposição do Profissional Ausente
A85: Base de cálculo para o Custo de Reposição do Profissional Ausente (substituto): BCCPA = Rem + 13º + Férias + 1/3Férias | J85: =J88+J30+J35+J36 -> 1264.93
A87: 4.1 | B87: Substituto nas Ausências Legais | J87: Valor (R$)
A88: A | B88: Subsitituto na cobertura de Férias | I88: 0.09075 | J88: =ROUND(($J$30*I88),2) -> 95.32
A89: B | B89: Subsitituto na cobertura de Ausências Legais Cálculo do valor = [(BCCPA/30)x2,96dias]/12 | J89: =ROUND((($J$85/30)*2.96)/12,2) -> 10.4
A90: C | B90: Subsitituto na cobertura de Licença-Paternidade Cálculo do valor = {[(BCCPA/30)x5dias]/12}x1,5% | J90: =ROUND((($J$85/30)*5)/12*0.015,2) -> 0.26
A91: D | B91: Subsitituto na cobertura de Ausência por acidente de trabalho Cálculo do valor = {[(BCCPA/30)x0,97dias]/12} | J91: =ROUND(((($J$85/30)*0.97)/12),2) -> 3.41
A92: E | B92: Subsitituto na cobertura de Afastamento Maternidade Cálculo do valor = [((Férias + Férias / 3) + SUB2.2 x (Férias + Férias / 3)) x (4/12)] x 2% + [( FGTS x Rem + SUB 2.2 x 13º + SUB2.3 – VA – VT + MÓD3) x (4/12)] } x 2% Não incide Contribuição Previdenciária Patronal (INSS + 3ªs entidades) sobre a Remuneração da empregada residente nos 4 meses de Afastamento, conforme Solução de Consulta Cosit/RFB nº 27/2023, publicada na pág. 20 da Seção 1 do DOU de 09/02/2023. A Remuneração e o 13º da empregada residente poderão ser compensados, por isso não constam da fórmula. | J92: =ROUND(((((J30*0.121)+(I51)*(J30*0.121))*(4/12)))*0.02,2)+ROUND(((I50*J30+I51*J35+J66-J55-J60+J82)*4/12)*0.02,2) -> 2.42
A93: F | B93: Subsitituto na cobertura de Ausência por doença Cálculo do valor = [(BCCPA)/30)x3dias]/12 | J93: =ROUND(((($J$85/30)*3)/12),2) -> 10.54
A94: Total | J94: =SUM(J88:J93) -> 122.35
A95: G | B95: Incidência dos encargos do Submódulo 2.2 sobre o total do Submódulo 4.1 | J95: =ROUND(I51*J94,2) -> 45.02
A96: Total | J96: =SUM(J94:J95) -> 167.37
A97: Submódulo 4.2 – Subistituto na Intrajornada
A98: 4.2 | B98: Substituto na Intrajornada | J98: Valor (R$)
A99: A | B99: Subsitituto na cobertura de Intervalo para repouso ou alimentação | J99: 0
A100: Total | J100: 0
A101: B | B101: Incidência dos encargos do Submódulo 2.2 sobre o total do Submódulo 4.2 | J101: =ROUND(I51*J100,2) -> 0
A102: Total | J102: =SUM(J100:J101) -> 0
A104: Quadro-Resumo do Módulo 4 – Custo de Reposição do Profissional Ausente
A105: 4 | B105: Custo de Reposição do Profissional Ausente | J105: Valor (R$)
A106: 4.1 | B106: Ausências Legais | J106: =J96 -> 167.37
A107: 4.2 | B107: Intrajornada | J107: =J102 -> 0
A108: Total | J108: =SUM(J106+J107) -> 167.37
A110: Módulo 5 – Insumos Diversos
A111: 5 | B111: Insumos diversos | J111: Valor (R$)
A112: A | B112: Uniformes | J112: ='INSUMOS - Sapiranga'!D174 -> 256.12667
...

Sheet INSUMOS - Gravataí
A1: QUADRO INSUMOS DOS MATERIAIS, EQUIPAMENTOS E UNIFORMES
A2: GRAVATAÍ
A3: Quantitativo para 12 meses
A4: Oficial de Manutenção Predial
A5: DESCRIÇÃO DOS MATERIAIS | B5: UNIDADE | C5: QUANTIDADE ANUAL | D5: VALOR UNITÁRIO | E5: CUSTO ANUAL
A6: Alicate de bico isolado | B6: Unidade | C6: 1 | D6: 20.49 | E6: =C6*D6 -> 20.49
A7: Alicate de corte isolado | B7: Unidade | C7: 1 | D7: 31.05 | E7: =C7*D7 -> 31.05
A8: Alicate universal isolado 8” padrão VDE 1000V | B8: Unidade | C8: 1 | D8: 42.87 | E8: =C8*D8 -> 42.87
A9: Masseira plástica para argamassa | B9: Unidade | C9: 1 | D9: 18.76 | E9: =C9*D9 -> 18.76
A10: Balde de pedreiro plástico | B10: Unidade | C10: 1 | D10: 19.96 | E10: =C10*D10 -> 19.96
A11: Carrinho de mão | B11: Unidade | C11: 1 | D11: 163.49 | E11: =C11*D11 -> 163.49
A12: Chave de teste elétrico, isolada | B12: Unidade | C12: 1 | D12: 20.64 | E12: =C12*D12 -> 20.64
A13: Colher de pedreiro | B13: Unidade | C13: 1 | D13: 19.94 | E13: =C13*D13 -> 19.94
A14: Corda trançada, diâmetro 12mm, mínimo 20m | B14: Unidade | C14: 1 | D14: 67.93 | E14: =C14*D14 -> 67.93
A15: Jogo chave fenda chata isolada | B15: Conjunto | C15: 1 | D15: 148.77 | E15: =C15*D15 -> 148.77
A16: Jogo chave fenda cruzada isolada | B16: Conjunto | C16: 1 | D16: 105.12 | E16: =C16*D16 -> 105.12
A17: Conjunto de brocas para concreto, mínimo 5 peças, bitolas de 4, 5, 6, 8 e 10 mm | B17: Conjunto | C17: 4 | D17: 27.73 | E17: =C17*D17 -> 110.92
... A55: Trincha | B55: Unidade | C55: 1 | D55: 8.9 | E55: =C55*D55 -> 8.9
A56: CUSTO ANUAL DOS MATERIAIS | E56: =SUM(E6:E55) -> 4692.94
A57: CUSTO MENSAL DOS MATERIAIS | E57: =E56/12 -> 391.07833
A59: DESCRIÇÃO ESPECÍFICOS (PINTURA) | B59: UNIDADE | C59: QUANTIDADE ANUAL | D59: QUANTIDADE POR PEDIDO | E59: QUANTIDADE TOTAL (duas vezes durante a vigência do contrato) | F59: VALOR UNITÁRIO | G59: CUSTO ANUAL
A60: Tinta acrílica emborrachada, de primeira linha, qualificada pela ABRAFATI, que atenda a NBR 11702/2010, com elasticidade para acompanhar a movimentação natural das trincas e fissuras existentes, marca Suvinil (Proteção Total) ou similar. Cores uva verde, vitral, verde paraíso, verde bucólico, palha, pérola aveludada, concreto, branco gelo e branco neve ou outra tinta similar (a depender da atualização da nomenclatura da paleta de cores do fabricante), acabamento fosco. Inclui a pintura de muros cegos. As tonalidades das tintas a serem utilizadas deverão ser aprovadas pela Diretoria de Projetos e Obras. Será necessária a preparação da superfície com o uso de uma demão de fundo preparador do mesmo fabricante da tinta e específico para o tipo de tinta utilizada - não considerado no quantitativo. A pintura deverá ser feita com aplicação de no mínimo três demãos ou quantas mais forem necessárias para um perfeito cobrimento da tinta, com diluição recomendada pelo fabricante. Deverá ser utilizada fita de papel gomado para acabamento, tomando-se o cuidado para não haver respingos em outras paredes, pisos ou aberturas. O ambiente deverá ser entregue limpo e organizado ao final da pintura. Fornecimento de material para pintura, incluindo todas as tintas, pincéis, rolos, lixas, desempenadeiras, espátulas, andaimes, telas para proteção de fachadas, lonas plásticas, equipamentos de proteção individual e coletiva e quaisquer outros materiais ou equipamentos que se fizerem necessários para a completa execução do serviço, tudo por conta da CONTRATADA. | B60: Lata 18L | C60: =E60/5 -> 24.8 | D60: 62 | E60: =D60*2 -> 124 | F60: 569.58 | G60: =F60*C60 -> 14125.584
A61: Tinta acrílica emborrachada, de primeira linha, qualificada pela ABRAFATI, que atenda a NBR 11702/2010, com elasticidade para acompanhar a movimentação natural das trincas e fissuras existentes, marca Suvinil (Proteção Total) ou similar. Cores vermelho, vermelho-contemporâneo, vermelho-escarlate, vermelho-jalapeño ou outra tonalidade similar (a depender da atualização da nomenclatura da paleta de cores do fabricante), acabamento fosco. As tonalidades das tintas a serem utilizadas deverão ser aprovadas pela Diretoria de Projetos e Obras. Será necessária a preparação da superfície com o uso de uma demão de fundo preparador do mesmo fabricante da tinta e específico para o tipo de tinta utilizada - não considerado no quantitativo. A pintura deverá ser feita com aplicação de no mínimo três demãos ou quantas mais forem necessárias para um perfeito cobrimento da tinta, com diluição recomendada pelo fabricante. Deverá ser utilizada fita de papel gomado para acabamento, tomando-se o cuidado para não haver respingos em outras paredes, pisos ou aberturas. O ambiente deverá ser entregue limpo e organizado ao final da pintura. Fornecimento de material para pintura, incluindo todas as tintas, pincéis, rolos, lixas, desempenadeiras, espátulas, andaimes, telas para proteção de fachadas, lonas plásticas, equipamentos de proteção individual e coletiva e quaisquer outros materiais ou equipamentos que se fizerem necessários para a completa execução do serviço, tudo por conta da CONTRATADA. | B61: Lata 3,6L | C61: =E61/5 -> 0.4 | D61: 1 | E61: =D61*2 -> 2 | F61: 208.9 | G61: =F61*C61 -> 83.56
A62: Tinta esmalte sintético à base de água para serviço de pintura de elementos de madeira (portas, janelas, beirais, etc), de primeira linha, qualificada pela ABRAFATI, que atenda a NBR 11702/2010, marca Suvinil ou similar. Método de aplicação com rolo/pincel e/ou pistola. Aplicação externa. Cores uva verde, vitral, verde paraíso, verde bucólico, palha, pérola aveludada, branco neve e branco gelo ou outra tonalidade similar (a depender da atualização da nomenclatura da paleta de cores do fabricante), semibrilho. A pintura deverá ser feita com aplicação de no mínimo duas demãos de tinta, ou até a efetiva colorização e cobrimento da superfície dos elementos de madeira. Deverá ser utilizada fita de papel gomado para acabamento, tomando-se o cuidado para não haver respingos em outras paredes, pisos ou aberturas. Previamente à pintura, deverá ser realizado o lixamento, correção das massas de vidro (massa vidraceiro) e a limpeza dos elementos de madeira, como também a correção de imperfeições e/ou rachaduras com uso massa apropriada. Após o lixamento, aplicar uma demão de fundo preparador do mesmo fabricante da tinta e específico para o tipo de tinta utilizada - não considerado no quantitativo. O ambiente deverá ser entregue limpo e organizado ao final da pintura. Fornecimento de material, incluindo todas as tintas, pincéis, rolos, lixas, desempenadeiras, espátulas, compressores, pistolas, cabos e equipamentos elétricos, andaimes, lonas plásticas, equipamentos de proteção individual e coletiva e quaisquer outros materiais ou equipamentos que se fizerem necessários para a completa execução do serviço, tudo por conta da CONTRATADA. | B62: Lata 3,6L | C62: =E62/5 -> 0.4 | D62: 1 | E62: =D62*2 -> 2 | F62: 139.76 | G62: =C62*F62 -> 55.904
A63: Tinta esmalte sintético à base de solvente para serviço de pintura de elementos metálicos (estruturas metálicas - reservatório, grades de proteção, calhas de beiral, portas, janelas, portões, corrimãos, escada de marinheiro, passarela coberta, guarda-corpo, estruturas metálicas das salas modulares, etc), de primeira linha, qualificada pela ABRAFATI, que atenda a NBR 11702/2010, marca Suvinil ou similar. Método de aplicação com rolo/pincel e/ou pistola. Aplicação externa. Cor branco, verde, cinza, marrom, preto e vermelho ou outra tonalidade similar (a depender da atualização da nomenclatura da paleta de cores do fabricante), semibrilho. A pintura deverá ser feita com aplicação de no mínimo duas demãos de tinta, ou até a efetiva colorização e cobrimento da superfície dos elementos metálicos. Deverá ser utilizada fita de papel gomado para acabamento, tomando-se o cuidado para não haver respingos em outras paredes, pisos ou aberturas. Previamente à pintura, deverá ser realizado o lixamento e limpeza dos elementos metálicos, atentando para a remoção completa da ferrugem. Após o lixamento, aplicar uma demão de fundo a base de cromato de zinco específico para superfícies metálicas (função anticorrosiva) ou convertedor de ferrugem TF-7 (se for o caso) - não considerado no quantitativo. O ambiente deverá ser entregue limpo e organizado ao final da pintura. Fornecimento de material, incluindo todas as tintas, pincéis, rolos, lixas, desempenadeiras, espátulas, compressores, pistolas, cabos e equipamentos elétricos, andaimes, lonas plásticas, equipamentos de proteção individual e coletiva e quaisquer outros materiais ou equipamentos que se fizerem necessários para a completa execução do serviço, tudo por conta da CONTRATADA. | B63: Lata 3,6L | C63: =E63/5 -> 6 | D63: 15 | E63: =D63*2 -> 30 | F63: 153.6 | G63: =C63*F63 -> 921.6
A64: CUSTO ANUAL DOS MATERIAIS | G64: =SUM(G60:G63) -> 15186.648
A65: CUSTO MENSAL DOS MATERIAIS | G65: =G64/12 -> 1265.554
A67: EQUIPAMENTOS | B67: UNIDADE | C67: QUANTIDADE A DISPONIBILIZAR | D67: DEPRECIAÇÃO (em meses) | E67: QUANTIDADE ANUAL | F67: VALOR UNITÁRIO | G67: CUSTO ANUAL
A68: Carro de transporte de carga com 2 rodas formato L, carga de no mínimo 400KG | B68: Unidade | C68: 1 | D68: 60 | E68: =12/D68*C68 -> 0.2 | F68: 856.5 | G68: =E68*F68 -> 171.3
A69: Escada Articulada de, no mínimo, 12 degraus | B69: Unidade | C69: 1 | D69: 30 | E69: =12/D69*C69 -> 0.4 | F69: 659.85 | G69: =E69*F69 -> 263.94
A70: Esmerilhadeira 850W | B70: Unidade | C70: 1 | D70: 24 | E70: =12/D70*C70 -> 0.5 | F70: 425.12 | G70: =E70*F70 -> 212.56
A71: Lixadeira orbital 350W | B71: Unidade | C71: 1 | D71: 24 | E71: =12/D71*C71 -> 0.5 | F71: 336.35 | G71: =E71*F71 -> 168.175
A72: Parafusadeira Elétrica a bateria 18V | B72: Unidade | C72: 1 | D72: 30 | E72: =12/D72*C72 -> 0.4 | F72: 906 | G72: =E72*F72 -> 362.4
A73: Furadeira mínimo 600W | B73: Unidade | C73: 1 | D73: 24 | E73: =12/D73*C73 -> 0.5 | F73: 375.34 | G73: =E73*F73 -> 187.67
A74: Serra Tico Tico mínimo 550W | B74: Unidade | C74: 1 | D74: 30 | E74: =12/D74*C74 -> 0.4 | F74: 471.3 | G74: =E74*F74 -> 188.52
A75: Serra circular mínimo 1500W | B75: Unidade | C75: 1 | D75: 30 | E75: =12/D75*C75 -> 0.4 | F75: 569.83 | G75: =E75*F75 -> 227.932
A76: Inversor de solda portátil | B76: Unidade | C76: 1 | D76: 30 | E76: =12/D76*C76 -> 0.4 | F76: 505.23 | G76: =E76*F76 -> 202.092
A77: Lavadora De Alta Pressão | B77: Unidade | C77: 1 | D77: 30 | E77: =12/D77*C77 -> 0.4 | F77: 540.74 | G77: =E77*F77 -> 216.296
A78: CUSTO ANUAL DOS EQUIPAMENTOS | G78: =SUM(G68:G77) -> 2200.885
A79: CUSTO MENSAL DOS EQUIPAMENTOS | G79: =G78/12 -> 183.40708
A81: UNIFORMES | B81: UNIDADE | C81: QUANTIDADE ANUAL | D81: VALOR UNITÁRIO | E81: CUSTO ANUAL
A82: Bota de segurança de couro, antiderrapante, preta | B82: Par | C82: 4 | D82: 161.67 | E82: =C82*D82 -> 646.68
A83: Calça de uniforme, brim, cinza | B83: Unidade | C83: 4 | D83: 81.32 | E83: =C83*D83 -> 325.28
A84: Camiseta de uniforme, algodão, manga curta, cinza | B84: Unidade | C84: 10 | D84: 24.51 | E84: =C84*D84 -> 245.1
A85: Camiseta de uniforme, algodão, manga longa, cinza | B85: Unidade | C85: 6 | D85: 26.6 | E85: =C85*D85 -> 159.6
A86: Bota de segurança NR-10 | B86: Unidade | C86: 3 | D86: 173 | E86: =C86*D86 -> 519
A87: Uniforme profissional eletricista, manga longa | B87: Unidade | C87: 1 | D87: 250.65 | E87: =C87*D87 -> 250.65
A88: Luva NR-10 classe 00 | B88: Unidade | C88: 1 | D88: 164.41 | E88: =C88*D88 -> 164.41
A89: Luva de cobertura em vaqueta | B89: Unidade | C89: 1 | D89: 30.07 | E89: =C89*D89 -> 30.07
A90: Capacete de segurança NR-10 classe B | B90: Unidade | C90: 1 | D90: 58.37 | E90: =C90*D90 -> 58.37
A91: Óculos de proteção | B91: Unidade | C91: 2 | D91: 9.2 | E91: =C91*D91 -> 18.4
A92: Máscara de proteção facial | B92: Unidade | C92: 1 | D92: 19.99 | E92: =C92*D92 -> 19.99
A93: Chapéu de palha com aba larga | B93: Unidade | C93: 4 | D93: 28.61 | E93: =C93*D93 -> 114.44
... A99: Luva de Algodão com pigmentos em PVC | B99: Par | C99: 2 | D99: 6.08 | E99: =C99*D99 -> 12.16
A100: CUSTO ANUAL DOS UNIFORMES | E100: =SUM(E82:E99) -> 3284.91
A101: CUSTO MENSAL DOS UNIFORMES | E101: =E100/12 -> 273.7425
A104: Auxiliar de Manutenção Predial
A105: UNIFORMES | B105: UNIDADE | C105: QUANTIDADE ANUAL | D105: VALOR UNITÁRIO | E105: CUSTO ANUAL
A106: Bota de segurança de couro, antiderrapante, preta | B106: Par | C106: 4 | D106: 161.67 | E106: =C106*D106 -> 646.68
A107: Calça de uniforme, brim, cinza | B107: Unidade | C107: 4 | D107: 81.32 | E107: =C107*D107 -> 325.28
A108: Camiseta de uniforme, algodão, manga curta, cinza | B108: Unidade | C108: 10 | D108: 24.51 | E108: =C108*D108 -> 245.1
A109: Camiseta de uniforme, algodão, manga longa, cinza | B109: Unidade | C109: 6 | D109: 26.6 | E109: =C109*D109 -> 159.6
A110: Capacete de segurança NR-10 classe B | B110: Unidade | C110: 1 | D110: 58.37 | E110: =C110*D110 -> 58.37
A111: Óculos de proteção | B111: Unidade | C111: 2 | D111: 9.2 | E111: =C111*D111 -> 18.4
A112: Máscara de proteção facial | B112: Unidade | C112: 1 | D112: 19.99 | E112: =C112*D112 -> 19.99
A113: Protetor auricular | B113: Unidade | C113: 4 | D113: 36.04 | E113: =C113*D113 -> 144.16
A114: Protetor solar FPS mínimo 30 | B114: Unidade | C114: 12 | D114: 15.14 | E114: =C114*D114 -> 181.68
A115: Jaleco de tecido de Brim (100% algodão) | B115: Unidade | C115: 2 | D115: 57.76 | E115: =C115*D115 -> 115.52
A116: Jaqueta forrrada | B116: Unidade | C116: 2 | D116: 132.79 | E116: =C116*D116 -> 265.58
A117: Luvas emborrachadas em nitrílico | B117: Par | C117: 2 | D117: 6.91 | E117: =C117*D117 -> 13.82
A118: Luva de Algodão com pigmentos em PVC | B118: Par | C118: 2 | D118: 6.08 | E118: =C118*D118 -> 12.16
A119: CUSTO ANUAL DOS UNIFORMES | E119: =SUM(E106:E118) -> 2206.34
A120: CUSTO MENSAL DOS UNIFORMES | E120: =E119/12 -> 183.86167
A122: JARDINEIRO
A123: DESCRIÇÃO DOS MATERIAIS | B123: UNIDADE | C123: QUANTIDADE ANUAL | D123: VALOR UNITÁRIO | E123: CUSTO ANUAL
A124: Ancinho com cabo | B124: Unidade | C124: 1 | D124: 34.76 | E124: =C124*D124 -> 34.76
A125: Cesto tipo balaio | B125: Unidade | C125: 1 | D125: 62.53 | E125: =C125*D125 -> 62.53
A126: Enxada | B126: Unidade | C126: 1 | D126: 40.64 | E126: =C126*D126 -> 40.64
A127: Enxó | B127: Unidade | C127: 1 | D127: 48.18 | E127: =C127*D127 -> 48.18
A128: Facão | B128: Unidade | C128: 1 | D128: 43.12 | E128: =C128*D128 -> 43.12
A129: Foice | B129: Unidade | C129: 1 | D129: 35.37 | E129: =C129*D129 -> 35.37
A130: Machado | B130: Unidade | C130: 1 | D130: 59.65 | E130: =C130*D130 -> 59.65
A131: Mangueira para jardim com 50m | B131: Unidade | C131: 2 | D131: 156.3 | E131: =C131*D131 -> 312.6
A132: Cavadeira articulada | B132: Unidade | C132: 1 | D132: 45.02 | E132: =C132*D132 -> 45.02
A133: Cavadeira reta com cabo metálico | B133: Unidade | C133: 1 | D133: 89.97 | E133: =C133*D133 -> 89.97
A134: Pá de bico/abaulada | B134: Unidade | C134: 1 | D134: 54.97 | E134: =C134*D134 -> 54.97
A135: Pá de corte | B135: Unidade | C135: 1 | D135: 43.37 | E135: =C135*D135 -> 43.37
... A147: Bobina de fio de nylon quadrado, 2,7mm, 2kg, para roçadeira a gasolina | B147: Unidade | C147: 3 | D147: 138.75 | E147: =C147*D147 -> 416.25
A148: CUSTO ANUAL DOS MATERIAIS | E148: =SUM(E124:E147) -> 8909.78
A149: CUSTO MENSAL DOS MATERIAIS | E149: =E148/12 -> 742.48167
A151: MATERIAIS COMPLEMENTARES | B151: UNIDADE | C151: QUANTIDADE MENSAL | D151: QUANTIDADE ANUAL | E151: VALOR UNITÁRIO | F151: CUSTO ANUAL
A152: Gasolina para máquinas | B152: Litro | C152: 50 | D152: =C152*12 -> 600 | E152: 5.68 | F152: =D152*E152 -> 3408
A153: Óleo 2 tempos para máquinas (no caso de roçadeira/cortador com motor 2 tempos) | B153: 500ml | C153: 4 | D153: =C153*12 -> 48 | E153: 21.12 | F153: =D153*E153 -> 1013.76
A154: CUSTO ANUAL DOS MATERIAIS COMPLEMENTARES | F154: =SUM(F152:F153) -> 4421.76
A155: CUSTO MENSAL DOS MATERIAIS COMPLEMENTARES | F155: =F154/12 -> 368.48
A157: EQUIPAMENTOS | B157: UNIDADE | C157: QUANTIDADE A DISPONIBILIZAR | D157: DEPRECIAÇÃO (em meses) | E157: QUANTIDADE ANUAL | F157: VALOR UNITÁRIO | G157: CUSTO ANUAL
A158: Cortador de grama a gasolina com recolhedor | B158: Unidade | C158: 1 | D158: 24 | E158: =12/D158*C158 -> 0.5 | F158: 2379.04 | G158: =E158*F158 -> 1189.52
A159: Roçadeira a gasolina | B159: Unidade | C159: 1 | D159: 24 | E159: =12/D159*C159 -> 0.5 | F159: 896.68 | G159: =E159*F159 -> 448.34
A160: Soprador de folhas a gasolina | B160: Unidade | C160: 1 | D160: 24 | E160: =12/D160*C160 -> 0.5 | F160: 495.97 | G160: =E160*F160 -> 247.985
A161: Motosserra | B161: Unidade | C161: 1 | D161: 24 | E161: =12/D161*C161 -> 0.5 | F161: 2238.96 | G161: =E161*F161 -> 1119.48
...

Sheet INSUMOS - Lajeado
A1: QUADRO INSUMOS DOS MATERIAIS, EQUIPAMENTOS E UNIFORMES
A2: LAJEADO
A3: Quantitativo para 12 meses
A4: Oficial de Manutenção Predial
A5: DESCRIÇÃO DOS MATERIAIS | B5: UNIDADE | C5: QUANTIDADE ANUAL | D5: VALOR UNITÁRIO | E5: CUSTO ANUAL
A6: Alicate de bico isolado | B6: Unidade | C6: 1 | D6: 20.49 | E6: =C6*D6 -> 20.49
A7: Alicate de corte isolado | B7: Unidade | C7: 1 | D7: 31.05 | E7: =C7*D7 -> 31.05
A8: Alicate universal isolado 8” padrão VDE 1000V | B8: Unidade | C8: 1 | D8: 42.87 | E8: =C8*D8 -> 42.87
A9: Masseira plástica para argamassa | B9: Unidade | C9: 1 | D9: 18.76 | E9: =C9*D9 -> 18.76
A10: Balde de pedreiro plástico | B10: Unidade | C10: 1 | D10: 19.96 | E10: =C10*D10 -> 19.96
A11: Carrinho de mão | B11: Unidade | C11: 1 | D11: 163.49 | E11: =C11*D11 -> 163.49
A12: Chave de teste elétrico, isolada | B12: Unidade | C12: 1 | D12: 20.64 | E12: =C12*D12 -> 20.64
A13: Colher de pedreiro | B13: Unidade | C13: 1 | D13: 19.94 | E13: =C13*D13 -> 19.94
A14: Corda trançada, diâmetro 12mm, mínimo 20m | B14: Unidade | C14: 1 | D14: 67.93 | E14: =C14*D14 -> 67.93
A15: Jogo chave fenda chata isolada | B15: Conjunto | C15: 1 | D15: 148.77 | E15: =C15*D15 -> 148.77
A16: Jogo chave fenda cruzada isolada | B16: Conjunto | C16: 1 | D16: 105.12 | E16: =C16*D16 -> 105.12
A17: Conjunto de brocas para concreto, mínimo 5 peças, bitolas de 4, 5, 6, 8 e 10 mm | B17: Conjunto | C17: 4 | D17: 27.73 | E17: =C17*D17 -> 110.92
... A55: Trincha | B55: Unidade | C55: 1 | D55: 8.9 | E55: =C55*D55 -> 8.9
A56: CUSTO ANUAL DOS MATERIAIS | E56: =SUM(E6:E55) -> 4692.94
A57: CUSTO MENSAL DOS MATERIAIS | E57: =E56/12 -> 391.07833
A59: DESCRIÇÃO ESPECÍFICOS (PINTURA) | B59: UNIDADE | C59: QUANTIDADE ANUAL | D59: QUANTIDADE POR PEDIDO | E59: QUANTIDADE TOTAL (duas vezes durante a vigência do contrato) | F59: VALOR UNITÁRIO | G59: CUSTO ANUAL
A60: Tinta acrílica emborrachada, de primeira linha, qualificada pela ABRAFATI, que atenda a NBR 11702/2010, com elasticidade para acompanhar a movimentação natural das trincas e fissuras existentes, marca Suvinil (Proteção Total) ou similar. Cores uva verde, vitral, verde paraíso, verde bucólico, palha, pérola aveludada, concreto, branco gelo e branco neve ou outra tinta similar (a depender da atualização da nomenclatura da paleta de cores do fabricante), acabamento fosco. Inclui a pintura de muros cegos. As tonalidades das tintas a serem utilizadas deverão ser aprovadas pela Diretoria de Projetos e Obras. Será necessária a preparação da superfície com o uso de uma demão de fundo preparador do mesmo fabricante da tinta e específico para o tipo de tinta utilizada - não considerado no quantitativo. A pintura deverá ser feita com aplicação de no mínimo três demãos ou quantas mais forem necessárias para um perfeito cobrimento da tinta, com diluição recomendada pelo fabricante. Deverá ser utilizada fita de papel gomado para acabamento, tomando-se o cuidado para não haver respingos em outras paredes, pisos ou aberturas. O ambiente deverá ser entregue limpo e organizado ao final da pintura. Fornecimento de material para pintura, incluindo todas as tintas, pincéis, rolos, lixas, desempenadeiras, espátulas, andaimes, telas para proteção de fachadas, lonas plásticas, equipamentos de proteção individual e coletiva e quaisquer outros materiais ou equipamentos que se fizerem necessários para a completa execução do serviço, tudo por conta da CONTRATADA. | B60: Lata 18L | C60: =E60/5 -> 20 | D60: 50 | E60: =D60*2 -> 100 | F60: 569.58 | G60: =F60*C60 -> 11391.6
A61: Tinta esmalte sintético à base de água para serviço de pintura de elementos de madeira (portas, janelas, beirais, etc), de primeira linha, qualificada pela ABRAFATI, que atenda a NBR 11702/2010, marca Suvinil ou similar. Método de aplicação com rolo/pincel e/ou pistola. Aplicação externa. Cores uva verde, vitral, verde paraíso, verde bucólico, palha, pérola aveludada, branco neve e branco gelo ou outra tonalidade similar (a depender da atualização da nomenclatura da paleta de cores do fabricante), semibrilho. A pintura deverá ser feita com aplicação de no mínimo duas demãos de tinta, ou até a efetiva colorização e cobrimento da superfície dos elementos de madeira. Deverá ser utilizada fita de papel gomado para acabamento, tomando-se o cuidado para não haver respingos em outras paredes, pisos ou aberturas. Previamente à pintura, deverá ser realizado o lixamento, correção das massas de vidro (massa vidraceiro) e a limpeza dos elementos de madeira, como também a correção de imperfeições e/ou rachaduras com uso massa apropriada. Após o lixamento, aplicar uma demão de fundo preparador do mesmo fabricante da tinta e específico para o tipo de tinta utilizada - não considerado no quantitativo. O ambiente deverá ser entregue limpo e organizado ao final da pintura. Fornecimento de material, incluindo todas as tintas, pincéis, rolos, lixas, desempenadeiras, espátulas, compressores, pistolas, cabos e equipamentos elétricos, andaimes, lonas plásticas, equipamentos de proteção individual e coletiva e quaisquer outros materiais ou equipamentos que se fizerem necessários para a completa execução do serviço, tudo por conta da CONTRATADA. | B61: Lata 3,6L | C61: =E61/5 -> 2 | D61: 5 | E61: =D61*2 -> 10 | F61: 139.76 | G61: =C61*F61 -> 279.52
A62: Tinta esmalte sintético à base de solvente para serviço de pintura de elementos metálicos (estruturas metálicas - reservatório, grades de proteção, calhas de beiral, portas, janelas, portões, corrimãos, escada de marinheiro, passarela coberta, guarda-corpo, estruturas metálicas das salas modulares, etc), de primeira linha, qualificada pela ABRAFATI, que atenda a NBR 11702/2010, marca Suvinil ou similar. Método de aplicação com rolo/pincel e/ou pistola. Aplicação externa. Cor branco, verde, cinza, marrom, preto e vermelho ou outra tonalidade similar (a depender da atualização da nomenclatura da paleta de cores do fabricante), semibrilho. A pintura deverá ser feita com aplicação de no mínimo duas demãos de tinta, ou até a efetiva colorização e cobrimento da superfície dos elementos metálicos. Deverá ser utilizada fita de papel gomado para acabamento, tomando-se o cuidado para não haver respingos em outras paredes, pisos ou aberturas. Previamente à pintura, deverá ser realizado o lixamento e limpeza dos elementos metálicos, atentando para a remoção completa da ferrugem. Após o lixamento, aplicar uma demão de fundo a base de cromato de zinco específico para superfícies metálicas (função anticorrosiva) ou convertedor de ferrugem TF-7 (se for o caso) - não considerado no quantitativo. O ambiente deverá ser entregue limpo e organizado ao final da pintura. Fornecimento de material, incluindo todas as tintas, pincéis, rolos, lixas, desempenadeiras, espátulas, compressores, pistolas, cabos e equipamentos elétricos, andaimes, lonas plásticas, equipamentos de proteção individual e coletiva e quaisquer outros materiais ou equipamentos que se fizerem necessários para a completa execução do serviço, tudo por conta da CONTRATADA. | B62: Lata 3,6L | C62: =E62/5 -> 6 | D62: 15 | E62: =D62*2 -> 30 | F62: 153.6 | G62: =C62*F62 -> 921.6
A63: CUSTO ANUAL DOS MATERIAIS | G63: =SUM(G60:G62) -> 12592.72
A64: CUSTO MENSAL DOS MATERIAIS | G64: =G63/12 -> 1049.3933
A66: EQUIPAMENTOS | B66: UNIDADE | C66: QUANTIDADE A DISPONIBILIZAR | D66: DEPRECIAÇÃO (em meses) | E66: QUANTIDADE ANUAL | F66: VALOR UNITÁRIO | G66: CUSTO ANUAL
A67: Carro de transporte de carga com 2 rodas formato L, carga de no mínimo 400KG | B67: Unidade | C67: 1 | D67: 60 | E67: =12/D67*C67 -> 0.2 | F67: 856.5 | G67: =E67*F67 -> 171.3
A68: Escada Articulada de, no mínimo, 12 degraus | B68: Unidade | C68: 1 | D68: 30 | E68: =12/D68*C68 -> 0.4 | F68: 659.85 | G68: =E68*F68 -> 263.94
A69: Esmerilhadeira 850W | B69: Unidade | C69: 1 | D69: 24 | E69: =12/D69*C69 -> 0.5 | F69: 425.12 | G69: =E69*F69 -> 212.56
A70: Lixadeira orbital 350W | B70: Unidade | C70: 1 | D70: 24 | E70: =12/D70*C70 -> 0.5 | F70: 336.35 | G70: =E70*F70 -> 168.175
A71: Parafusadeira Elétrica a bateria 18V | B71: Unidade | C71: 1 | D71: 30 | E71: =12/D71*C71 -> 0.4 | F71: 906 | G71: =E71*F71 -> 362.4
A72: Furadeira mínimo 600W | B72: Unidade | C72: 1 | D72: 24 | E72: =12/D72*C72 -> 0.5 | F72: 375.34 | G72: =E72*F72 -> 187.67
A73: Serra Tico Tico mínimo 550W | B73: Unidade | C73: 1 | D73: 30 | E73: =12/D73*C73 -> 0.4 | F73: 471.3 | G73: =E73*F73 -> 188.52
A74: CUSTO ANUAL DOS EQUIPAMENTOS | G74: =SUM(G67:G73) -> 1554.565
A75: CUSTO MENSAL DOS EQUIPAMENTOS | G75: =G74/12 -> 129.54708
A77: UNIFORMES | B77: UNIDADE | C77: QUANTIDADE ANUAL | D77: VALOR UNITÁRIO | E77: CUSTO ANUAL
A78: Bota de segurança de couro, antiderrapante, preta | B78: Par | C78: 2 | D78: 161.67 | E78: =C78*D78 -> 323.34
A79: Calça de uniforme, brim, cinza | B79: Unidade | C79: 3 | D79: 81.32 | E79: =C79*D79 -> 243.96
A80: Camiseta de uniforme, algodão, manga curta, cinza | B80: Unidade | C80: 3 | D80: 24.51 | E80: =C80*D80 -> 73.53
A81: Camiseta de uniforme, algodão, manga longa, cinza | B81: Unidade | C81: 3 | D81: 26.6 | E81: =C81*D81 -> 79.8
A82: Bota de segurança NR-10 | B82: Unidade | C82: 1 | D82: 173 | E82: =C82*D82 -> 173
A83: Uniforme profissional eletricista, manga longa | B83: Unidade | C83: 2 | D83: 250.65 | E83: =C83*D83 -> 501.3
A84: Luva NR-10 classe 00 | B84: Unidade | C84: 2 | D84: 164.41 | E84: =C84*D84 -> 328.82
A85: Luva de cobertura em vaqueta | B85: Unidade | C85: 1 | D85: 30.07 | E85: =C85*D85 -> 30.07
A86: Capacete de segurança NR-10 classe B | B86: Unidade | C86: 1 | D86: 58.37 | E86: =C86*D86 -> 58.37
A87: Óculos de proteção | B87: Unidade | C87: 2 | D87: 9.2 | E87: =C87*D87 -> 18.4
A88: Máscara de proteção facial | B88: Unidade | C88: 1 | D88: 19.99 | E88: =C88*D88 -> 19.99
A89: Chapéu de palha com aba larga | B89: Unidade | C89: 2 | D89: 28.61 | E89: =C89*D89 -> 57.22
... A95: Luva de Algodão com pigmentos em PVC | B95: Par | C95: 2 | D95: 6.08 | E95: =C95*D95 -> 12.16
A96: CUSTO ANUAL DOS UNIFORMES | E96: =SUM(E78:E95) -> 2549.88
A97: CUSTO MENSAL DOS UNIFORMES | E97: =E96/12 -> 212.49
A100: Auxiliar de Manutenção Predial
A101: UNIFORMES | B101: UNIDADE | C101: QUANTIDADE ANUAL | D101: VALOR UNITÁRIO | E101: CUSTO ANUAL
A102: Bota de segurança de couro, antiderrapante, preta | B102: Par | C102: 2 | D102: 161.67 | E102: =C102*D102 -> 323.34
A103: Calça de uniforme, brim, cinza | B103: Unidade | C103: 3 | D103: 81.32 | E103: =C103*D103 -> 243.96
A104: Camiseta de uniforme, algodão, manga curta, cinza | B104: Unidade | C104: 3 | D104: 24.51 | E104: =C104*D104 -> 73.53
A105: Camiseta de uniforme, algodão, manga longa, cinza | B105: Unidade | C105: 3 | D105: 26.6 | E105: =C105*D105 -> 79.8
A106: Capacete de segurança NR-10 classe B | B106: Unidade | C106: 1 | D106: 58.37 | E106: =C106*D106 -> 58.37
A107: Óculos de proteção | B107: Unidade | C107: 2 | D107: 9.2 | E107: =C107*D107 -> 18.4
A108: Máscara de proteção facial | B108: Unidade | C108: 1 | D108: 19.99 | E108: =C108*D108 -> 19.99
A109: Protetor auricular | B109: Unidade | C109: 4 | D109: 36.04 | E109: =C109*D109 -> 144.16
A110: Protetor solar FPS mínimo 30 | B110: Unidade | C110: 12 | D110: 15.14 | E110: =C110*D110 -> 181.68
A111: Jaleco de tecido de Brim (100% algodão) | B111: Unidade | C111: 2 | D111: 57.76 | E111: =C111*D111 -> 115.52
A112: Jaqueta forrrada | B112: Unidade | C112: 2 | D112: 132.79 | E112: =C112*D112 -> 265.58
A113: Luvas emborrachadas em nitrílico | B113: Par | C113: 2 | D113: 6.91 | E113: =C113*D113 -> 13.82
... A115: Chapéu de palha com aba larga | B115: Unidade | C115: 2 | D115: 28.61 | E115: =C115*D115 -> 57.22
A116: CUSTO ANUAL DOS UNIFORMES | E116: =SUM(E102:E115) -> 1607.53
A117: CUSTO MENSAL DOS UNIFORMES | E117: =E116/12 -> 133.96083
A119: JARDINEIRO
A120: DESCRIÇÃO DOS MATERIAIS | B120: UNIDADE | C120: QUANTIDADE ANUAL | D120: VALOR UNITÁRIO | E120: CUSTO ANUAL
A121: Ancinho com cabo | B121: Unidade | C121: 1 | D121: 34.76 | E121: =C121*D121 -> 34.76
A122: Cesto tipo balaio | B122: Unidade | C122: 1 | D122: 62.53 | E122: =C122*D122 -> 62.53
A123: Enxada | B123: Unidade | C123: 1 | D123: 40.64 | E123: =C123*D123 -> 40.64
A124: Enxó | B124: Unidade | C124: 1 | D124: 48.18 | E124: =C124*D124 -> 48.18
A125: Facão | B125: Unidade | C125: 1 | D125: 43.12 | E125: =C125*D125 -> 43.12
A126: Foice | B126: Unidade | C126: 1 | D126: 35.37 | E126: =C126*D126 -> 35.37
A127: Machado | B127: Unidade | C127: 1 | D127: 59.65 | E127: =C127*D127 -> 59.65
A128: Mangueira para jardim com 50m | B128: Unidade | C128: 2 | D128: 156.3 | E128: =C128*D128 -> 312.6
A129: Cavadeira articulada | B129: Unidade | C129: 1 | D129: 45.02 | E129: =C129*D129 -> 45.02
A130: Cavadeira reta com cabo metálico | B130: Unidade | C130: 1 | D130: 89.97 | E130: =C130*D130 -> 89.97
A131: Pá de bico/abaulada | B131: Unidade | C131: 1 | D131: 54.97 | E131: =C131*D131 -> 54.97
A132: Pá de corte | B132: Unidade | C132: 1 | D132: 43.37 | E132: =C132*D132 -> 43.37
... A144: Bobina de fio de nylon quadrado, 2,7mm, 2kg, para roçadeira a gasolina | B144: Unidade | C144: 3 | D144: 138.75 | E144: =C144*D144 -> 416.25
A145: CUSTO ANUAL DOS MATERIAIS | E145: =SUM(E121:E144) -> 4373.24
A146: CUSTO MENSAL DOS MATERIAIS | E146: =E145/12 -> 364.43667
A148: MATERIAIS COMPLEMENTARES | B148: UNIDADE | C148: QUANTIDADE MENSAL | D148: QUANTIDADE ANUAL | E148: VALOR UNITÁRIO | F148: CUSTO ANUAL
A149: Gasolina para máquinas | B149: Litro | C149: 25 | D149: =C149*12 -> 300 | E149: 5.68 | F149: =D149*E149 -> 1704
A150: Óleo 2 tempos para máquinas (no caso de roçadeira/cortador com motor 2 tempos) | B150: 500ml | C150: 2 | D150: =C150*12 -> 24 | E150: 21.12 | F150: =D150*E150 -> 506.88
A151: CUSTO ANUAL DOS MATERIAIS COMPLEMENTARES | F151: =SUM(F149:F150) -> 2210.88
A152: CUSTO MENSAL DOS MATERIAIS COMPLEMENTARES | F152: =F151/12 -> 184.24
A154: EQUIPAMENTOS | B154: UNIDADE | C154: QUANTIDADE A DISPONIBILIZAR | D154: DEPRECIAÇÃO (em meses) | E154: QUANTIDADE ANUAL | F154: VALOR UNITÁRIO | G154: CUSTO ANUAL
A155: Cortador de grama a gasolina com recolhedor | B155: Unidade | C155: 1 | D155: 24 | E155: =12/D155*C155 -> 0.5 | F155: 2379.04 | G155: =E155*F155 -> 1189.52
A156: Roçadeira a gasolina | B156: Unidade | C156: 1 | D156: 24 | E156: =12/D156*C156 -> 0.5 | F156: 896.68 | G156: =E156*F156 -> 448.34
A157: Soprador de folhas a gasolina | B157: Unidade | C157: 1 | D157: 24 | E157: =12/D157*C157 -> 0.5 | F157: 495.97 | G157: =E157*F157 -> 247.985
A158: CUSTO ANUAL DOS EQUIPAMENTOS | G158: =SUM(G155:G157) -> 1885.845
A159: CUSTO MENSAL DOS EQUIPAMENTOS | G159: =G158/12 -> 157.15375
A161: UNIFORMES | B161: Unidade | C161: Quantidade Anual | D161: Valor Unitário | E161: Custo Anual
A162: Bota de segurança de couro, antiderrapante, preta | B162: Par | C162: 2 | D162: 161.67 | E162: =C162*D162 -> 323.34
A163: Calça de uniforme, cinza | B163: Unidade | C163: 3 | D163: 81.32 | E163: =C163*D163 -> 243.96
...

Sheet INSUMOS - Sapiranga
A1: QUADRO INSUMOS DOS MATERIAIS, EQUIPAMENTOS E UNIFORMES
A2: SAPIRANGA
A3: Quantitativo para 12 meses
A4: Oficial de Manutenção Predial
A5: DESCRIÇÃO DOS MATERIAIS | B5: UNIDADE | C5: QUANTIDADE ANUAL | D5: VALOR UNITÁRIO | E5: CUSTO ANUAL
A6: Alicate de bico isolado | B6: Unidade | C6: 1 | D6: 20.49 | E6: =C6*D6 -> 20.49
A7: Alicate de corte isolado | B7: Unidade | C7: 1 | D7: 31.05 | E7: =C7*D7 -> 31.05
A8: Alicate universal isolado 8” padrão VDE 1000V | B8: Unidade | C8: 1 | D8: 42.87 | E8: =C8*D8 -> 42.87
A9: Masseira plástica para argamassa | B9: Unidade | C9: 1 | D9: 18.76 | E9: =C9*D9 -> 18.76
A10: Balde de pedreiro plástico | B10: Unidade | C10: 1 | D10: 19.96 | E10: =C10*D10 -> 19.96
A11: Carrinho de mão | B11: Unidade | C11: 1 | D11: 163.49 | E11: =C11*D11 -> 163.49
A12: Chave de teste elétrico, isolada | B12: Unidade | C12: 1 | D12: 20.64 | E12: =C12*D12 -> 20.64
A13: Colher de pedreiro | B13: Unidade | C13: 1 | D13: 19.94 | E13: =C13*D13 -> 19.94
A14: Corda trançada, diâmetro 12mm, mínimo 20m | B14: Unidade | C14: 1 | D14: 67.93 | E14: =C14*D14 -> 67.93
A15: Jogo chave fenda chata isolada | B15: Conjunto | C15: 1 | D15: 148.77 | E15: =C15*D15 -> 148.77
A16: Jogo chave fenda cruzada isolada | B16: Conjunto | C16: 1 | D16: 105.12 | E16: =C16*D16 -> 105.12
A17: Conjunto de brocas para concreto, mínimo 5 peças, bitolas de 4, 5, 6, 8 e 10 mm | B17: Conjunto | C17: 4 | D17: 27.73 | E17: =C17*D17 -> 110.92
... A55: Trincha | B55: Unidade | C55: 1 | D55: 8.9 | E55: =C55*D55 -> 8.9
A56: CUSTO ANUAL DOS MATERIAIS | E56: =SUM(E6:E55) -> 4692.94
A57: CUSTO MENSAL DOS MATERIAIS | E57: =E56/12 -> 391.07833
A59: DESCRIÇÃO ESPECÍFICOS (PINTURA) | B59: UNIDADE | C59: QUANTIDADE ANUAL | D59: QUANTIDADE POR PEDIDO | E59: QUANTIDADE TOTAL (duas vezes durante a vigência do contrato) | F59: VALOR UNITÁRIO | G59: CUSTO ANUAL
A60: Tinta acrílica emborrachada, de primeira linha, qualificada pela ABRAFATI, que atenda a NBR 11702/2010, com elasticidade para acompanhar a movimentação natural das trincas e fissuras existentes, marca Suvinil (Proteção Total) ou similar. Cores uva verde, vitral, verde paraíso, verde bucólico, palha, pérola aveludada, concreto, branco gelo e branco neve ou outra tinta similar (a depender da atualização da nomenclatura da paleta de cores do fabricante), acabamento fosco. Inclui a pintura de muros cegos. As tonalidades das tintas a serem utilizadas deverão ser aprovadas pela Diretoria de Projetos e Obras. Será necessária a preparação da superfície com o uso de uma demão de fundo preparador do mesmo fabricante da tinta e específico para o tipo de tinta utilizada - não considerado no quantitativo. A pintura deverá ser feita com aplicação de no mínimo três demãos ou quantas mais forem necessárias para um perfeito cobrimento da tinta, com diluição recomendada pelo fabricante. Deverá ser utilizada fita de papel gomado para acabamento, tomando-se o cuidado para não haver respingos em outras paredes, pisos ou aberturas. O ambiente deverá ser entregue limpo e organizado ao final da pintura. Fornecimento de material para pintura, incluindo todas as tintas, pincéis, rolos, lixas, desempenadeiras, espátulas, andaimes, telas para proteção de fachadas, lonas plásticas, equipamentos de proteção individual e coletiva e quaisquer outros materiais ou equipamentos que se fizerem necessários para a completa execução do serviço, tudo por conta da CONTRATADA. | B60: Lata 18L | C60: =E60/5 -> 21.6 | D60: 54 | E60: =D60*2 -> 108 | F60: 569.58 | G60: =F60*C60 -> 12302.928
A61: Tinta acrílica emborrachada, de primeira linha, qualificada pela ABRAFATI, que atenda a NBR 11702/2010, com elasticidade para acompanhar a movimentação natural das trincas e fissuras existentes, marca Suvinil (Proteção Total) ou similar. Cores vermelho, vermelho-contemporâneo, vermelho-escarlate, vermelho-jalapeño ou outra tonalidade similar (a depender da atualização da nomenclatura da paleta de cores do fabricante), acabamento fosco. As tonalidades das tintas a serem utilizadas deverão ser aprovadas pela Diretoria de Projetos e Obras. Será necessária a preparação da superfície com o uso de uma demão de fundo preparador do mesmo fabricante da tinta e específico para o tipo de tinta utilizada - não considerado no quantitativo. A pintura deverá ser feita com aplicação de no mínimo três demãos ou quantas mais forem necessárias para um perfeito cobrimento da tinta, com diluição recomendada pelo fabricante. Deverá ser utilizada fita de papel gomado para acabamento, tomando-se o cuidado para não haver respingos em outras paredes, pisos ou aberturas. O ambiente deverá ser entregue limpo e organizado ao final da pintura. Fornecimento de material para pintura, incluindo todas as tintas, pincéis, rolos, lixas, desempenadeiras, espátulas, andaimes, telas para proteção de fachadas, lonas plásticas, equipamentos de proteção individual e coletiva e quaisquer outros materiais ou equipamentos que se fizerem necessários para a completa execução do serviço, tudo por conta da CONTRATADA. | B61: Lata 3,6L | C61: =E61/5 -> 0.4 | D61: 1 | E61: =D61*2 -> 2 | F61: 208.9 | G61: =C61*F61 -> 83.56
A62: Tinta esmalte sintético à base de água para serviço de pintura de elementos de madeira (portas, janelas, beirais, etc), de primeira linha, qualificada pela ABRAFATI, que atenda a NBR 11702/2010, marca Suvinil ou similar. Método de aplicação com rolo/pincel e/ou pistola. Aplicação externa. Cores uva verde, vitral, verde paraíso, verde bucólico, palha, pérola aveludada, branco neve e branco gelo ou outra tonalidade similar (a depender da atualização da nomenclatura da paleta de cores do fabricante), semibrilho. A pintura deverá ser feita com aplicação de no mínimo duas demãos de tinta, ou até a efetiva colorização e cobrimento da superfície dos elementos de madeira. Deverá ser utilizada fita de papel gomado para acabamento, tomando-se o cuidado para não haver respingos em outras paredes, pisos ou aberturas. Previamente à pintura, deverá ser realizado o lixamento, correção das massas de vidro (massa vidraceiro) e a limpeza dos elementos de madeira, como também a correção de imperfeições e/ou rachaduras com uso massa apropriada. Após o lixamento, aplicar uma demão de fundo preparador do mesmo fabricante da tinta e específico para o tipo de tinta utilizada - não considerado no quantitativo. O ambiente deverá ser entregue limpo e organizado ao final da pintura. Fornecimento de material, incluindo todas as tintas, pincéis, rolos, lixas, desempenadeiras, espátulas, compressores, pistolas, cabos e equipamentos elétricos, andaimes, lonas plásticas, equipamentos de proteção individual e coletiva e quaisquer outros materiais ou equipamentos que se fizerem necessários para a completa execução do serviço, tudo por conta da CONTRATADA. | B62: Lata 3,6L | C62: =E62/5 -> 0.4 | D62: 1 | E62: =D62*2 -> 2 | F62: 139.76 | G62: =C62*F62 -> 55.904
A63: Tinta esmalte sintético à base de solvente para serviço de pintura de elementos metálicos (estruturas metálicas - reservatório, grades de proteção, calhas de beiral, portas, janelas, portões, corrimãos, escada de marinheiro, passarela coberta, guarda-corpo, estruturas metálicas das salas modulares, etc), de primeira linha, qualificada pela ABRAFATI, que atenda a NBR 11702/2010, marca Suvinil ou similar. Método de aplicação com rolo/pincel e/ou pistola. Aplicação externa. Cor branco, verde, cinza, marrom, preto e vermelho ou outra tonalidade similar (a depender da atualização da nomenclatura da paleta de cores do fabricante), semibrilho. A pintura deverá ser feita com aplicação de no mínimo duas demãos de tinta, ou até a efetiva colorização e cobrimento da superfície dos elementos metálicos. Deverá ser utilizada fita de papel gomado para acabamento, tomando-se o cuidado para não haver respingos em outras paredes, pisos ou aberturas. Previamente à pintura, deverá ser realizado o lixamento e limpeza dos elementos metálicos, atentando para a remoção completa da ferrugem. Após o lixamento, aplicar uma demão de fundo a base de cromato de zinco específico para superfícies metálicas (função anticorrosiva) ou convertedor de ferrugem TF-7 (se for o caso) - não considerado no quantitativo. O ambiente deverá ser entregue limpo e organizado ao final da pintura. Fornecimento de material, incluindo todas as tintas, pincéis, rolos, lixas, desempenadeiras, espátulas, compressores, pistolas, cabos e equipamentos elétricos, andaimes, lonas plásticas, equipamentos de proteção individual e coletiva e quaisquer outros materiais ou equipamentos que se fizerem necessários para a completa execução do serviço, tudo por conta da CONTRATADA. | B63: Lata 3,6L | C63: =E63/5 -> 6 | D63: 15 | E63: =D63*2 -> 30 | F63: 153.6 | G63: =C63*F63 -> 921.6
A64: CUSTO ANUAL DOS MATERIAIS | G64: =SUM(G60:G63) -> 13363.992
A65: CUSTO MENSAL DOS MATERIAIS | G65: =G64/12 -> 1113.666
A67: EQUIPAMENTOS | B67: UNIDADE | C67: QUANTIDADE A DISPONIBILIZAR | D67: DEPRECIAÇÃO (em meses) | E67: QUANTIDADE ANUAL | F67: VALOR UNITÁRIO | G67: CUSTO ANUAL
A68: Carro de transporte de carga com 2 rodas formato L, carga de no mínimo 400KG | B68: Unidade | C68: 1 | D68: 60 | E68: =12/D68*C68 -> 0.2 | F68: 856.5 | G68: =E68*F68 -> 171.3
A69: Escada Articulada de, no mínimo, 12 degraus | B69: Unidade | C69: 1 | D69: 30 | E69: =12/D69*C69 -> 0.4 | F69: 659.85 | G69: =E69*F69 -> 263.94
A70: Esmerilhadeira 850W | B70: Unidade | C70: 1 | D70: 24 | E70: =12/D70*C70 -> 0.5 | F70: 425.12 | G70: =E70*F70 -> 212.56
A71: Lixadeira orbital 350W | B71: Unidade | C71: 1 | D71: 24 | E71: =12/D71*C71 -> 0.5 | F71: 336.35 | G71: =E71*F71 -> 168.175
A72: Parafusadeira Elétrica a bateria 18V | B72: Unidade | C72: 1 | D72: 30 | E72: =12/D72*C72 -> 0.4 | F72: 906 | G72: =E72*F72 -> 362.4
A73: Furadeira mínimo 600W | B73: Unidade | C73: 1 | D73: 24 | E73: =12/D73*C73 -> 0.5 | F73: 375.34 | G73: =E73*F73 -> 187.67
A74: Serra Tico Tico mínimo 550W | B74: Unidade | C74: 1 | D74: 30 | E74: =12/D74*C74 -> 0.4 | F74: 471.3 | G74: =E74*F74 -> 188.52
A75: CUSTO ANUAL DOS EQUIPAMENTOS | G75: =SUM(G68:G74) -> 1554.565
A76: CUSTO MENSAL DOS EQUIPAMENTOS | G76: =G75/12 -> 129.54708
A78: UNIFORMES | B78: UNIDADE | C78: QUANTIDADE ANUAL | D78: VALOR UNITÁRIO | E78: CUSTO ANUAL
A79: Bota de segurança de couro, antiderrapante, preta | B79: Par | C79: 2 | D79: 161.67 | E79: =C79*D79 -> 323.34
A80: Calça de uniforme, brim, cinza | B80: Unidade | C80: 2 | D80: 81.32 | E80: =C80*D80 -> 162.64
A81: Camiseta de uniforme, algodão, manga curta, cinza | B81: Unidade | C81: 2 | D81: 24.51 | E81: =C81*D81 -> 49.02
A82: Camiseta de uniforme, algodão, manga longa, cinza | B82: Unidade | C82: 2 | D82: 26.6 | E82: =C82*D82 -> 53.2
A83: Bota de segurança NR-10 | B83: Unidade | C83: 1 | D83: 173 | E83: =C83*D83 -> 173
A84: Uniforme profissional eletricista, manga longa | B84: Unidade | C84: 1 | D84: 250.65 | E84: =C84*D84 -> 250.65
A85: Luva NR-10 classe 00 | B85: Unidade | C85: 2 | D85: 164.41 | E85: =C85*D85 -> 328.82
A86: Luva de cobertura em vaqueta | B86: Unidade | C86: 1 | D86: 30.07 | E86: =C86*D86 -> 30.07
A87: Capacete de segurança NR-10 classe B | B87: Unidade | C87: 1 | D87: 58.37 | E87: =C87*D87 -> 58.37
A88: Óculos de proteção | B88: Unidade | C88: 2 | D88: 9.2 | E88: =C88*D88 -> 18.4
A89: Máscara de proteção facial | B89: Unidade | C89: 1 | D89: 19.99 | E89: =C89*D89 -> 19.99
A90: Chapéu de palha com aba larga | B90: Unidade | C90: 4 | D90: 28.61 | E90: =C90*D90 -> 114.44
... A96: Luva de Algodão com pigmentos em PVC | B96: Par | C96: 2 | D96: 6.08 | E96: =C96*D96 -> 12.16
A97: CUSTO ANUAL DOS UNIFORMES | E97: =SUM(E79:E96) -> 2224.02
A98: CUSTO MENSAL DOS UNIFORMES | E98: =E97/12 -> 185.335
A101: JARDINEIRO
A102: DESCRIÇÃO DOS MATERIAIS | B102: UNIDADE | C102: QUANTIDADE ANUAL | D102: VALOR UNITÁRIO | E102: CUSTO ANUAL
A103: Ancinho com cabo | B103: Unidade | C103: 1 | D103: 34.76 | E103: =C103*D103 -> 34.76
A104: Cesto tipo balaio | B104: Unidade | C104: 1 | D104: 62.53 | E104: =C104*D104 -> 62.53
A105: Enxada | B105: Unidade | C105: 1 | D105: 40.64 | E105: =C105*D105 -> 40.64
A106: Enxó | B106: Unidade | C106: 1 | D106: 48.18 | E106: =C106*D106 -> 48.18
A107: Facão | B107: Unidade | C107: 1 | D107: 43.12 | E107: =C107*D107 -> 43.12
A108: Foice | B108: Unidade | C108: 1 | D108: 35.37 | E108: =C108*D108 -> 35.37
A109: Machado | B109: Unidade | C109: 1 | D109: 59.65 | E109: =C109*D109 -> 59.65
A110: Mangueira para jardim com 50m | B110: Unidade | C110: 1 | D110: 156.3 | E110: =C110*D110 -> 156.3
A111: Cavadeira articulada | B111: Unidade | C111: 1 | D111: 45.02 | E111: =C111*D111 -> 45.02
A112: Cavadeira reta com cabo metálico | B112: Unidade | C112: 1 | D112: 89.97 | E112: =C112*D112 -> 89.97
A113: Pá de bico/abaulada | B113: Unidade | C113: 1 | D113: 54.97 | E113: =C113*D113 -> 54.97
A114: Pá de corte | B114: Unidade | C114: 1 | D114: 43.37 | E114: =C114*D114 -> 43.37
... A126: Bobina de fio de nylon quadrado, 2,7mm, 2kg, para roçadeira a gasolina | B126: Unidade | C126: 3 | D126: 138.75 | E126: =C126*D126 -> 416.25
A127: CUSTO ANUAL DOS MATERIAIS | E127: =SUM(E103:E126) -> 4216.94
A128: CUSTO MENSAL DOS MATERIAIS | E128: =E127/12 -> 351.41167
A130: MATERIAIS COMPLEMENTARES | B130: UNIDADE | C130: QUANTIDADE MENSAL | D130: QUANTIDADE ANUAL | E130: VALOR UNITÁRIO | F130: CUSTO ANUAL
A131: Gasolina para máquinas | B131: Litro | C131: 25 | D131: =C131*12 -> 300 | E131: 5.68 | F131: =D131*E131 -> 1704
A132: Óleo 2 tempos para máquinas (no caso de roçadeira/cortador com motor 2 tempos) | B132: 500ml | C132: 2 | D132: =C132*12 -> 24 | E132: 21.12 | F132: =D132*E132 -> 506.88
A133: CUSTO ANUAL DOS MATERIAIS COMPLEMENTARES | F133: =SUM(F131:F132) -> 2210.88
A134: CUSTO MENSAL DOS MATERIAIS COMPLEMENTARES | F134: =F133/12 -> 184.24
A136: EQUIPAMENTOS | B136: UNIDADE | C136: QUANTIDADE A DISPONIBILIZAR | D136: DEPRECIAÇÃO (em meses) | E136: QUANTIDADE ANUAL | F136: VALOR UNITÁRIO | G136: CUSTO ANUAL
A137: Cortador de grama a gasolina com recolhedor | B137: Unidade | C137: 1 | D137: 24 | E137: =12/D137*C137 -> 0.5 | F137: 2379.04 | G137: =E137*F137 -> 1189.52
A138: Roçadeira a gasolina | B138: Unidade | C138: 1 | D138: 24 | E138: =12/D138*C138 -> 0.5 | F138: 896.68 | G138: =E138*F138 -> 448.34
A139: Soprador de folhas a gasolina | B139: Unidade | C139: 1 | D139: 24 | E139: =12/D139*C139 -> 0.5 | F139: 495.97 | G139: =E139*F139 -> 247.985
A140: CUSTO ANUAL DOS EQUIPAMENTOS | G140: =SUM(G137:G139) -> 1885.845
A141: CUSTO MENSAL DOS EQUIPAMENTOS | G141: =G140/12 -> 157.15375
A143: UNIFORMES | B143: Unidade | C143: Quantidade Anual | D143: Valor Unitário | E143: Custo Anual
A144: Bota de segurança de couro, antiderrapante, preta | B144: Par | C144: 4 | D144: 161.67 | E144: =C144*D144 -> 646.68
A145: Calça de uniforme, cinza | B145: Unidade | C145: 8 | D145: 81.32 | E145: =C145*D145 -> 650.56
A146: Camiseta de uniforme, algodão, manga curta, cinza | B146: Unidade | C146: 10 | D146: 24.51 | E146: =C146*D146 -> 245.1
A147: Camiseta de uniforme, algodão, manga longa, cinza | B147: Unidade | C147: 4 | D147: 26.6 | E147: =C147*D147 -> 106.4
A148: Bota PVC cano longo | B148: Unidade | C148: 2 | D148: 53.75 | E148: =C148*D148 -> 107.5
A149: Máscara de proteção facial | B149: Unidade | C149: 3 | D149: 19.99 | E149: =C149*D149 -> 59.97
A150: Avental raspa de couro | B150: Unidade | C150: 2 | D150: 48.2 | E150: =C150*D150 -> 96.4
A151: Luva látex | B151: Unidade | C151: 6 | D151: 5.75 | E151: =C151*D151 -> 34.5
A152: Luva raspa de couro | B152: Unidade | C152: 6 | D152: 16.86 | E152: =C152*D152 -> 101.16
A153: Óculos de proteção | B153: Unidade | C153: 6 | D153: 9.2 | E153: =C153*D153 -> 55.2
A154: Protetor auricular | B154: Unidade | C154: 12 | D154: 36.04 | E154: =C154*D154 -> 432.48
A155: Protetor solar FPS mínimo 30 | B155: Unidade | C155: 12 | D155: 15.14 | E155: =C155*D155 -> 181.68
... A160: Jaqueta forrrada | B160: Unidade | C160: 1 | D160: 132.79 | E160: =C160*D160 -> 132.79
A161: CUSTO ANUAL DOS UNIFORMES | E161: =SUM(E144:E160) -> 3073.52
A162: CUSTO MENSAL DOS UNIFORMES | E162: =E161/12 -> 256.12667
A164: QUADRO RESUMO | B164: CUSTO ANUAL | D164: CUSTO MENSAL | F164: CUSTO MENSAL/POSTO
A165: Oficial de Manutenção Predial | B165: =(E56+G64+G75+E97) -> 21835.517 | D165: =(E57+G65+G76+E98) -> 1819.6264 | F165: =B165/12 -> 1819.6264
A166: Materiais | B166: =E56 -> 4692.94 | D166: =E57 -> 391.07833 | F166: =B166/12 -> 391.07833
...
